Workbook

Sheet Surat Masuk
A1: DAFTAR SURAT MASUK UNIVERSITAS PENDIDIKAN INDONESIA TAHUN 2025
A2: F1 | B2: F2 | C2: F3 | D2: F4 | E2: F5 | F2: F6 | G2: F7 | H2: F8 | I2: F9 | J2: F10 | K2: F11 | L2: F12 | M2: F13 | N2: F14 | O2: F15 | P2: F16 | Q2: F17 | R2: F18 | S2: F19 | T2: F20 | U2: F21 | V2: HAPUS
A3: NOMOR INDEKS | B3: TANGGAL | C3: PENGIRIM | D3: IDENTITAS SURAT | G3: PERIHAL SURAT | H3: DITUJUKAN KEPADA | I3: PENERIMA | L3: KETERANGAN | M3: MEDIA | N3: SUMBER | P3: Agenda | Q3: INSTRUKSI | R3: FOLLOW UP | S3: TERUSAN SURAT | T3: TANGGAL TERIMA | U3: PENERIMA BHK | V3: HAPUS
D4: NOMOR | E4: KODE | F4: TANGGAL | I4: NAMA | J4: TANGGAL | K4: PARAF | V4: HAPUS
A5: 0001 | B5: 2 Januari 2025 | C5: Pusat Pendidikan Hukum Direktorat Hukum TNI AD | D5: - | E5: =IF( AND( ISNUMBER( MATCH(LEFT(RIGHT(D5,8),4),{"/AK/","/BW/","/DO/","/DK/","/EP/","/HM/","/HK/","/IN/","/KI/","/AR/","/KL/","/KM/","/KP/","/DN/","/LN/","/RT/","/TU/","/KU/","/KR/","/MI/","/MK/","/OT/","/LP/","/DL/","/LT/","/PM/","/PW/","/PG/","/PP/","/MU/","/IL/","/PR/","/PI/","/PL/","/PK/","/PB/","/SP/","/SE/","/TI/","/LL/","/DT/","/LK/","/WS/","/TP/","/KS/","/SR/","/SK/","PJ"},0) ), ISNUMBER(SEARCH("40",D5) ) ),LEFT(RIGHT(D5,7),2), "-" ) -> - | F5: 31 Desember 2024 | G5: Mohon Diri Masa Penugasan Sebagai Danpusdikkum Ditkumad | H5: Rektor | I5: Kinanti | J5: 6 Januari 2025 10.00 | M5: SINERGI | P5: =A5&"/UN40.SU. /2025" -> 0001/UN40.SU. /2025
A6: 0002 | B6: 2 Januari 2025 | C6: Otoritas Jasa Keuangan | D6: S-313/PB.02/2024 | E6: =IF( AND( ISNUMBER( MATCH(LEFT(RIGHT(D6,8),4),{"/AK/","/BW/","/DO/","/DK/","/EP/","/HM/","/HK/","/IN/","/KI/","/AR/","/KL/","/KM/","/KP/","/DN/","/LN/","/RT/","/TU/","/KU/","/KR/","/MI/","/MK/","/OT/","/LP/","/DL/","/LT/","/PM/","/PW/","/PG/","/PP/","/MU/","/IL/","/PR/","/PI/","/PL/","/PK/","/PB/","/SP/","/SE/","/TI/","/LL/","/DT/","/LK/","/WS/","/TP/","/KS/","/SR/","/SK/","PJ"},0) ), ISNUMBER(SEARCH("40",D6) ) ),LEFT(RIGHT(D6,7),2), "-" ) -> - | F6: 19 Desember 2024 | G6: Diseminasi dan Survei Booklet Perbankan Indonesia Tahun 2024 (Berkas Terlampir) | H6: Rektor | I6: Kinanti | J6: 6 Januari 2025 10.00 | M6: SINERGI | P6: =A6&"/UN40.SU. /2025" -> 0002/UN40.SU. /2025
A7: 0003 | B7: 3 Januari 2025 | C7: Protokol Bumi Siliwangi | D7: 22.21/579-PROBUMSIL/I-V/2024 | E7: =IF( AND( ISNUMBER( MATCH(LEFT(RIGHT(D7,8),4),{"/AK/","/BW/","/DO/","/DK/","/EP/","/HM/","/HK/","/IN/","/KI/","/AR/","/KL/","/KM/","/KP/","/DN/","/LN/","/RT/","/TU/","/KU/","/KR/","/MI/","/MK/","/OT/","/LP/","/DL/","/LT/","/PM/","/PW/","/PG/","/PP/","/MU/","/IL/","/PR/","/PI/","/PL/","/PK/","/PB/","/SP/","/SE/","/TI/","/LL/","/DT/","/LK/","/WS/","/TP/","/KS/","/SR/","/SK/","PJ"},0) ), ISNUMBER(SEARCH("40",D7) ) ),LEFT(RIGHT(D7,7),2), "-" ) -> - | F7: 29 Desember 2024 | G7: Permohonan Bantuan Dana Rangkaian Candradimuka Tingkat Dasar Protokol Bumi Siliwangi UPI Angkatan XVIII | H7: WR PK | I7: Tito | J7: 6 Januari 2025 10.00 | M7: SINERGI | P7: =A7&"/UN40.SU. /2025" -> 0003/UN40.SU. /2025
A8: 0004 | B8: 6 Januari 2025 | C8: Lembaga Penelitian dan Pengkajian Intelektual Mahasiswa (LEPPIM) | D8: 010/C-SPm/Pan. SeminarPPK-UKM.LEPPIM.UPI/I/2025 | E8: =IF( AND( ISNUMBER( MATCH(LEFT(RIGHT(D8,8),4),{"/AK/","/BW/","/DO/","/DK/","/EP/","/HM/","/HK/","/IN/","/KI/","/AR/","/KL/","/KM/","/KP/","/DN/","/LN/","/RT/","/TU/","/KU/","/KR/","/MI/","/MK/","/OT/","/LP/","/DL/","/LT/","/PM/","/PW/","/PG/","/PP/","/MU/","/IL/","/PR/","/PI/","/PL/","/PK/","/PB/","/SP/","/SE/","/TI/","/LL/","/DT/","/LK/","/WS/","/TP/","/KS/","/SR/","/SK/","PJ"},0) ), ISNUMBER(SEARCH("40",D8) ) ),LEFT(RIGHT(D8,7),2), "-" ) -> - | F8: 3 Januari 2025 | G8: Permohonan Bantuan Dana Seminar PPK Ormawa UKM LEPPIM UPI 2025 | H8: WR PK | I8: Tito | J8: 6 Januari 2025 10.00 | M8: SINERGI | P8: =A8&"/UN40.SU. /2025" -> 0004/UN40.SU. /2025
A9: 0005 | B9: 6 Januari 2025 | C9: Dr. Herman Syafri, M.Pd | D9: - | E9: =IF( AND( ISNUMBER( MATCH(LEFT(RIGHT(D9,8),4),{"/AK/","/BW/","/DO/","/DK/","/EP/","/HM/","/HK/","/IN/","/KI/","/AR/","/KL/","/KM/","/KP/","/DN/","/LN/","/RT/","/TU/","/KU/","/KR/","/MI/","/MK/","/OT/","/LP/","/DL/","/LT/","/PM/","/PW/","/PG/","/PP/","/MU/","/IL/","/PR/","/PI/","/PL/","/PK/","/PB/","/SP/","/SE/","/TI/","/LL/","/DT/","/LK/","/WS/","/TP/","/KS/","/SR/","/SK/","PJ"},0) ), ISNUMBER(SEARCH("40",D9) ) ),LEFT(RIGHT(D9,7),2), "-" ) -> - | F9: 4 Januari 2025 | G9: Permohonan Mutasi a.n. Dr. Herman Syafri, M.Pd | H9: Rektor | I9: Kinanti | J9: 6 Januari 2025 10.00 | M9: SINERGI | P9: =A9&"/UN40.SU. /2025" -> 0005/UN40.SU. /2025
A10: 0006 | B10: 6 Januari 2025 | C10: PT Bank Negara Indonesia (Persero) Tbk | D10: PSF/1/6151 | E10: =IF( AND( ISNUMBER( MATCH(LEFT(RIGHT(D10,8),4),{"/AK/","/BW/","/DO/","/DK/","/EP/","/HM/","/HK/","/IN/","/KI/","/AR/","/KL/","/KM/","/KP/","/DN/","/LN/","/RT/","/TU/","/KU/","/KR/","/MI/","/MK/","/OT/","/LP/","/DL/","/LT/","/PM/","/PW/","/PG/","/PP/","/MU/","/IL/","/PR/","/PI/","/PL/","/PK/","/PB/","/SP/","/SE/","/TI/","/LL/","/DT/","/LK/","/WS/","/TP/","/KS/","/SR/","/SK/","PJ"},0) ), ISNUMBER(SEARCH("40",D10) ) ),LEFT(RIGHT(D10,7),2), "-" ) -> - | F10: 18 Desember 2024 | G10: Surat Pemberitahuan Perubahan Perjanjian Kerjasama dan/atau Akad Wakalah tentang Program Pensiun Iuran Pasti (PPIP) | H10: Rektor | I10: Kinanti | J10: 6 Januari 2025 10.00 | M10: SINERGI | P10: =A10&"/UN40.SU. /2025" -> 0006/UN40.SU. /2025
A11: 0007 | B11: 6 Januari 2025 | C11: Plt. Sekretaris Ditjen Dikti Ristek | D11: 8770/E1/TI.03.00/2024 | E11: =IF( AND( ISNUMBER( MATCH(LEFT(RIGHT(D11,8),4),{"/AK/","/BW/","/DO/","/DK/","/EP/","/HM/","/HK/","/IN/","/KI/","/AR/","/KL/","/KM/","/KP/","/DN/","/LN/","/RT/","/TU/","/KU/","/KR/","/MI/","/MK/","/OT/","/LP/","/DL/","/LT/","/PM/","/PW/","/PG/","/PP/","/MU/","/IL/","/PR/","/PI/","/PL/","/PK/","/PB/","/SP/","/SE/","/TI/","/LL/","/DT/","/LK/","/WS/","/TP/","/KS/","/SR/","/SK/","PJ"},0) ), ISNUMBER(SEARCH("40",D11) ) ),LEFT(RIGHT(D11,7),2), "-" ) -> - | F11: 25 Desember 2024 | G11: Sistem Penilaian Maturitas Pengelolaan PDDikti | H11: Rektor | I11: Sinergi Langsung | J11: 2 Januari 2025 10.00 | M11: SINERGI | N11: WA | O11: Pa Tito | P11: =A11&"/UN40.SU. /2025" -> 0007/UN40.SU. /2025
A12: 0008 | B12: 6 Januari 2025 | C12: Kasespim Lemdiklat Polri | D12: - | E12: =IF( AND( ISNUMBER( MATCH(LEFT(RIGHT(D12,8),4),{"/AK/","/BW/","/DO/","/DK/","/EP/","/HM/","/HK/","/IN/","/KI/","/AR/","/KL/","/KM/","/KP/","/DN/","/LN/","/RT/","/TU/","/KU/","/KR/","/MI/","/MK/","/OT/","/LP/","/DL/","/LT/","/PM/","/PW/","/PG/","/PP/","/MU/","/IL/","/PR/","/PI/","/PL/","/PK/","/PB/","/SP/","/SE/","/TI/","/LL/","/DT/","/LK/","/WS/","/TP/","/KS/","/SR/","/SK/","PJ"},0) ), ISNUMBER(SEARCH("40",D12) ) ),LEFT(RIGHT(D12,7),2), "-" ) -> - | F12: 6 Januari 2025 | G12: Undangan Upacara Pembukaan Pendidikan Sespimti Polri Dikreg Ke-34 dan Sespimmen Polri Dikreg Ke-65 T.A. 2025. Tanggal 15 Januari 2025 pukul 09.00 di Gedung Utaryo Sespim Lemdiklat Polri | H12: Rektor | I12: Sinergi Langsung | J12: 6 Januari 2025 14.00 | M12: SINERGI | N12: WA | O12: Hotline | P12: =A12&"/UN40.SU. /2025" -> 0008/UN40.SU. /2025
A13: 0009 | B13: 6 Januari 2025 | C13: Plt. Sekretaris Direktorat Jenderal Pendidikan Tinggi, Riset, dan Teknologi | D13: 0011/E1/PR.06.01/2025 | E13: =IF( AND( ISNUMBER( MATCH(LEFT(RIGHT(D13,8),4),{"/AK/","/BW/","/DO/","/DK/","/EP/","/HM/","/HK/","/IN/","/KI/","/AR/","/KL/","/KM/","/KP/","/DN/","/LN/","/RT/","/TU/","/KU/","/KR/","/MI/","/MK/","/OT/","/LP/","/DL/","/LT/","/PM/","/PW/","/PG/","/PP/","/MU/","/IL/","/PR/","/PI/","/PL/","/PK/","/PB/","/SP/","/SE/","/TI/","/LL/","/DT/","/LK/","/WS/","/TP/","/KS/","/SR/","/SK/","PJ"},0) ), ISNUMBER(SEARCH("40",D13) ) ),LEFT(RIGHT(D13,7),2), "-" ) -> - | F13: 5 Januari 2025 | G13: Laporan Penggunaan Insentif Indikator Kinerja Utama (IKU) Tahun Anggaran 2024 | H13: Rektor | I13: Sinergi Langsung | J13: 6 Januari 2025 14.00 | M13: SINERGI | N13: SINDE | P13: =A13&"/UN40.SU. /2025" -> 0009/UN40.SU. /2025
A14: 0010 | B14: 6 Januari 2025 | C14: PT. Solindo Duta Praga | D14: 001/SP/SDP/I/2025 | E14: =IF( AND( ISNUMBER( MATCH(LEFT(RIGHT(D14,8),4),{"/AK/","/BW/","/DO/","/DK/","/EP/","/HM/","/HK/","/IN/","/KI/","/AR/","/KL/","/KM/","/KP/","/DN/","/LN/","/RT/","/TU/","/KU/","/KR/","/MI/","/MK/","/OT/","/LP/","/DL/","/LT/","/PM/","/PW/","/PG/","/PP/","/MU/","/IL/","/PR/","/PI/","/PL/","/PK/","/PB/","/SP/","/SE/","/TI/","/LL/","/DT/","/LK/","/WS/","/TP/","/KS/","/SR/","/SK/","PJ"},0) ), ISNUMBER(SEARCH("40",D14) ) ),LEFT(RIGHT(D14,7),2), "-" ) -> - | F14: 2 Januari 2025 | G14: Permohonan Partisipasi Dan Dukungan Pada Eurasia Higher Education Summit, 8 – 10 April 2025, Istanbul Congress Center & Lutfi Kirdar & Istanbul Hilton Taksim, Istanbul, Turkey. | H14: Rektor | I14: Sinergi Langsung | J14: 6 Januari 2025 14.00 | M14: SINERGI | N14: EMAIL | P14: =A14&"/UN40.SU. /2025" -> 0010/UN40.SU. /2025
A15: 0011 | B15: 6 Januari 2025 | C15: Universitas Singaperbangsa Karawang | D15: 6932/UN64/KP/2024 | E15: =IF( AND( ISNUMBER( MATCH(LEFT(RIGHT(D15,8),4),{"/AK/","/BW/","/DO/","/DK/","/EP/","/HM/","/HK/","/IN/","/KI/","/AR/","/KL/","/KM/","/KP/","/DN/","/LN/","/RT/","/TU/","/KU/","/KR/","/MI/","/MK/","/OT/","/LP/","/DL/","/LT/","/PM/","/PW/","/PG/","/PP/","/MU/","/IL/","/PR/","/PI/","/PL/","/PK/","/PB/","/SP/","/SE/","/TI/","/LL/","/DT/","/LK/","/WS/","/TP/","/KS/","/SR/","/SK/","PJ"},0) ), ISNUMBER(SEARCH("40",D15) ) ),LEFT(RIGHT(D15,7),2), "-" ) -> - | F15: 27 Desember 2024 | G15: Perpanjangan Ke Satu Seleksi Terbuka Jabatan Pimpinan Tinggi Pratama di Lingkungan Universitas Singaperbangsa Karawang | H15: Rektor | I15: Sinergi Langsung | J15: 6 Januari 2025 14.00 | M15: SINERGI | N15: EMAIL | P15: =A15&"/UN40.SU. /2025" -> 0011/UN40.SU. /2025
A16: 0012 | B16: 6 Januari 2025 | C16: Lembaga Bimbingan Belajar Sony Sugema College Karawang | D16: 005/SSCKRW/I/2025 | E16: =IF( AND( ISNUMBER( MATCH(LEFT(RIGHT(D16,8),4),{"/AK/","/BW/","/DO/","/DK/","/EP/","/HM/","/HK/","/IN/","/KI/","/AR/","/KL/","/KM/","/KP/","/DN/","/LN/","/RT/","/TU/","/KU/","/KR/","/MI/","/MK/","/OT/","/LP/","/DL/","/LT/","/PM/","/PW/","/PG/","/PP/","/MU/","/IL/","/PR/","/PI/","/PL/","/PK/","/PB/","/SP/","/SE/","/TI/","/LL/","/DT/","/LK/","/WS/","/TP/","/KS/","/SR/","/SK/","PJ"},0) ), ISNUMBER(SEARCH("40",D16) ) ),LEFT(RIGHT(D16,7),2), "-" ) -> - | F16: 5 Januari 2025 | G16: Permohonan Izin Kegiatan Kunjungan Kampus UPI Bandung. Tanggal 25 Januari 2025 | H16: WR KSPSDM | I16: Sinergi Langsung | J16: 6 Januari 2025 14.00 | M16: SINERGI | N16: EMAIL | P16: =A16&"/UN40.SU. /2025" -> 0012/UN40.SU. /2025
A17: 0013 | B17: 6 Januari 2025 | C17: Universitas Pendidikan Ganesha (UNDIKSHA) | D17: 011/Pan-Pel/Dies-32/2025 | E17: =IF( AND( ISNUMBER( MATCH(LEFT(RIGHT(D17,8),4),{"/AK/","/BW/","/DO/","/DK/","/EP/","/HM/","/HK/","/IN/","/KI/","/AR/","/KL/","/KM/","/KP/","/DN/","/LN/","/RT/","/TU/","/KU/","/KR/","/MI/","/MK/","/OT/","/LP/","/DL/","/LT/","/PM/","/PW/","/PG/","/PP/","/MU/","/IL/","/PR/","/PI/","/PL/","/PK/","/PB/","/SP/","/SE/","/TI/","/LL/","/DT/","/LK/","/WS/","/TP/","/KS/","/SR/","/SK/","PJ"},0) ), ISNUMBER(SEARCH("40",D17) ) ),LEFT(RIGHT(D17,7),2), "-" ) -> - | F17: 2 Januari 2025 | G17: Undangan Harmoni Ekshibisi Tenis Meja dan Tenis Lapangan. Tanggal 11-12 Januari 2025 | H17: Rektor | I17: Sinergi Langsung | J17: 6 Januari 2025 14.00 | M17: SINERGI | N17: EMAIL | P17: =A17&"/UN40.SU. /2025" -> 0013/UN40.SU. /2025
A18: 0014 | B18: 6 Januari 2025 | C18: Universitas Indonesia | D18: S-62/UN2.R/HMI.05.02/2025 | E18: =IF( AND( ISNUMBER( MATCH(LEFT(RIGHT(D18,8),4),{"/AK/","/BW/","/DO/","/DK/","/EP/","/HM/","/HK/","/IN/","/KI/","/AR/","/KL/","/KM/","/KP/","/DN/","/LN/","/RT/","/TU/","/KU/","/KR/","/MI/","/MK/","/OT/","/LP/","/DL/","/LT/","/PM/","/PW/","/PG/","/PP/","/MU/","/IL/","/PR/","/PI/","/PL/","/PK/","/PB/","/SP/","/SE/","/TI/","/LL/","/DT/","/LK/","/WS/","/TP/","/KS/","/SR/","/SK/","PJ"},0) ), ISNUMBER(SEARCH("40",D18) ) ),LEFT(RIGHT(D18,7),2), "-" ) -> - | F18: 3 Januari 2025 | G18: Permohonan Memberikan Video Ucapan Selamat Dies Natalis Ke-75 Tahun Universitas Indonesia | H18: Rektor | I18: Sinergi Langsung | J18: 6 Januari 2025 14.00 | M18: SINERGI | N18: WA | O18: Bu Zaki | P18: =A18&"/UN40.SU. /2025" -> 0014/UN40.SU. /2025
A19: 0015 | B19: 6 Januari 2025 | C19: Fakultas Kedokteran Unpad | D19: 153/UN6.C/TU.00/2025 | E19: =IF( AND( ISNUMBER( MATCH(LEFT(RIGHT(D19,8),4),{"/AK/","/BW/","/DO/","/DK/","/EP/","/HM/","/HK/","/IN/","/KI/","/AR/","/KL/","/KM/","/KP/","/DN/","/LN/","/RT/","/TU/","/KU/","/KR/","/MI/","/MK/","/OT/","/LP/","/DL/","/LT/","/PM/","/PW/","/PG/","/PP/","/MU/","/IL/","/PR/","/PI/","/PL/","/PK/","/PB/","/SP/","/SE/","/TI/","/LL/","/DT/","/LK/","/WS/","/TP/","/KS/","/SR/","/SK/","PJ"},0) ), ISNUMBER(SEARCH("40",D19) ) ),LEFT(RIGHT(D19,7),2), "-" ) -> - | F19: 3 Januari 2025 | G19: Permohonan Rencana Kegiatan dan Anggaran Kerja Sama | H19: Rektor | I19: Sinergi Langsung | J19: 6 Januari 2025 14.00 | L19: TEMBUSAN | M19: SINERGI | N19: EMAIL | P19: =A19&"/UN40.SU. /2025" -> 0015/UN40.SU. /2025
A20: 0016 | B20: 6 Januari 2025 | C20: MKKS SMK Swasta Kab Malang | D20: 052/MKKS-SMKS.KAB-MLG/D-18/I/2025 | E20: =IF( AND( ISNUMBER( MATCH(LEFT(RIGHT(D20,8),4),{"/AK/","/BW/","/DO/","/DK/","/EP/","/HM/","/HK/","/IN/","/KI/","/AR/","/KL/","/KM/","/KP/","/DN/","/LN/","/RT/","/TU/","/KU/","/KR/","/MI/","/MK/","/OT/","/LP/","/DL/","/LT/","/PM/","/PW/","/PG/","/PP/","/MU/","/IL/","/PR/","/PI/","/PL/","/PK/","/PB/","/SP/","/SE/","/TI/","/LL/","/DT/","/LK/","/WS/","/TP/","/KS/","/SR/","/SK/","PJ"},0) ), ISNUMBER(SEARCH("40",D20) ) ),LEFT(RIGHT(D20,7),2), "-" ) -> - | F20: 3 Januari 2025 | G20: Permohonan kunjungan MKKS SMK Swasta Kab Malang Jatim. Tanggal 22 Januari 2025 | H20: Rektor | I20: Sinergi Langsung | J20: 6 Januari 2025 14.00 | M20: SINERGI | N20: EMAIL | P20: =A20&"/UN40.SU. /2025" -> 0016/UN40.SU. /2025
A21: 0017 | B21: 7 Januari 2025 | C21: Kepala Badan Kebijakan Pembangunan Kesehatan Kemenkes | D21: BP.01.01/H/7033/2024 | E21: =IF( AND( ISNUMBER( MATCH(LEFT(RIGHT(D21,8),4),{"/AK/","/BW/","/DO/","/DK/","/EP/","/HM/","/HK/","/IN/","/KI/","/AR/","/KL/","/KM/","/KP/","/DN/","/LN/","/RT/","/TU/","/KU/","/KR/","/MI/","/MK/","/OT/","/LP/","/DL/","/LT/","/PM/","/PW/","/PG/","/PP/","/MU/","/IL/","/PR/","/PI/","/PL/","/PK/","/PB/","/SP/","/SE/","/TI/","/LL/","/DT/","/LK/","/WS/","/TP/","/KS/","/SR/","/SK/","PJ"},0) ), ISNUMBER(SEARCH("40",D21) ) ),LEFT(RIGHT(D21,7),2), "-" ) -> - | F21: 8 November 2024 | G21: Permohonan Daftar Pakar | H21: Rektor | I21: Sinergi Langsung | J21: 7 Januari 2025 14.00 | M21: SINERGI | N21: WA | O21: Pa Budi | P21: =A21&"/UN40.SU. /2025" -> 0017/UN40.SU. /2025
A22: 0018 | B22: 7 Januari 2025 | C22: Inspektur Jenderal Kemendikbudristek | D22: 0074/G/KP.04.03/2025 | E22: =IF( AND( ISNUMBER( MATCH(LEFT(RIGHT(D22,8),4),{"/AK/","/BW/","/DO/","/DK/","/EP/","/HM/","/HK/","/IN/","/KI/","/AR/","/KL/","/KM/","/KP/","/DN/","/LN/","/RT/","/TU/","/KU/","/KR/","/MI/","/MK/","/OT/","/LP/","/DL/","/LT/","/PM/","/PW/","/PG/","/PP/","/MU/","/IL/","/PR/","/PI/","/PL/","/PK/","/PB/","/SP/","/SE/","/TI/","/LL/","/DT/","/LK/","/WS/","/TP/","/KS/","/SR/","/SK/","PJ"},0) ), ISNUMBER(SEARCH("40",D22) ) ),LEFT(RIGHT(D22,7),2), "-" ) -> - | F22: 6 Januari 2025 | G22: Kewajiban Penyampaian LHKPN Tahun 2024 | H22: Rektor | I22: Sinergi Langsung | J22: 7 Januari 2025 15.30 | M22: SINERGI | N22: SINDE | P22: =A22&"/UN40.SU. /2025" -> 0018/UN40.SU. /2025
A23: 0019 | B23: 7 Januari 2025 | C23: Sekretaris Jenderal Kemendikbudristek | D23: 0274/A.A2/KU.03.02/2025 | E23: =IF( AND( ISNUMBER( MATCH(LEFT(RIGHT(D23,8),4),{"/AK/","/BW/","/DO/","/DK/","/EP/","/HM/","/HK/","/IN/","/KI/","/AR/","/KL/","/KM/","/KP/","/DN/","/LN/","/RT/","/TU/","/KU/","/KR/","/MI/","/MK/","/OT/","/LP/","/DL/","/LT/","/PM/","/PW/","/PG/","/PP/","/MU/","/IL/","/PR/","/PI/","/PL/","/PK/","/PB/","/SP/","/SE/","/TI/","/LL/","/DT/","/LK/","/WS/","/TP/","/KS/","/SR/","/SK/","PJ"},0) ), ISNUMBER(SEARCH("40",D23) ) ),LEFT(RIGHT(D23,7),2), "-" ) -> - | F23: 7 Januari 2025 | G23: Langkah-langkah dan Kebijakan Penyusunan Laporan Keuangan Kemendikbudristek Tahun 2024 | H23: Rektor | I23: Sinergi Langsung | J23: 7 Januari 2025 15.30 | M23: SINERGI | N23: SINDE | P23: =A23&"/UN40.SU. /2025" -> 0019/UN40.SU. /2025
A24: 0020 | B24: 7 Januari 2025 | C24: Kepala Biro Manajemen Barang Milik Negara dan Pengadaan BRIN | D24: B-6921/II.2.4/PL.02.01/12/2024 | E24: =IF( AND( ISNUMBER( MATCH(LEFT(RIGHT(D24,8),4),{"/AK/","/BW/","/DO/","/DK/","/EP/","/HM/","/HK/","/IN/","/KI/","/AR/","/KL/","/KM/","/KP/","/DN/","/LN/","/RT/","/TU/","/KU/","/KR/","/MI/","/MK/","/OT/","/LP/","/DL/","/LT/","/PM/","/PW/","/PG/","/PP/","/MU/","/IL/","/PR/","/PI/","/PL/","/PK/","/PB/","/SP/","/SE/","/TI/","/LL/","/DT/","/LK/","/WS/","/TP/","/KS/","/SR/","/SK/","PJ"},0) ), ISNUMBER(SEARCH("40",D24) ) ),LEFT(RIGHT(D24,7),2), "-" ) -> - | F24: 4 Desember 2024 | G24: Pemeriksaan Fisik BMN dalam rangka Pemindahtanganan dengan Cara Hibah | H24: Rektor | I24: Kinanti | J24: 9 Januari 2025 10.00 | M24: SINERGI | P24: =A24&"/UN40.SU. /2025" -> 0020/UN40.SU. /2025
A25: 0021 | B25: 7 Januari 2025 | C25: PT. Antar Dua Niaga | D25: 27/AND-P.BCE/XI/2024 | E25: =IF( AND( ISNUMBER( MATCH(LEFT(RIGHT(D25,8),4),{"/AK/","/BW/","/DO/","/DK/","/EP/","/HM/","/HK/","/IN/","/KI/","/AR/","/KL/","/KM/","/KP/","/DN/","/LN/","/RT/","/TU/","/KU/","/KR/","/MI/","/MK/","/OT/","/LP/","/DL/","/LT/","/PM/","/PW/","/PG/","/PP/","/MU/","/IL/","/PR/","/PI/","/PL/","/PK/","/PB/","/SP/","/SE/","/TI/","/LL/","/DT/","/LK/","/WS/","/TP/","/KS/","/SR/","/SK/","PJ"},0) ), ISNUMBER(SEARCH("40",D25) ) ),LEFT(RIGHT(D25,7),2), "-" ) -> - | F25: 29 November 2024 | G25: Pameran Perguruan Tinggi Bekasi Campus Expo 2025 | H25: Rektor | I25: Kinanti | J25: 9 Januari 2025 10.00 | M25: SINERGI | P25: =A25&"/UN40.SU. /2025" -> 0021/UN40.SU. /2025
A26: 0022 | B26: 7 Januari 2025 | C26: Hima Pendidikan IPS | D26: 137/SPM/B/B6/BEM-HIMAPIPS/XI/2024 | E26: =IF( AND( ISNUMBER( MATCH(LEFT(RIGHT(D26,8),4),{"/AK/","/BW/","/DO/","/DK/","/EP/","/HM/","/HK/","/IN/","/KI/","/AR/","/KL/","/KM/","/KP/","/DN/","/LN/","/RT/","/TU/","/KU/","/KR/","/MI/","/MK/","/OT/","/LP/","/DL/","/LT/","/PM/","/PW/","/PG/","/PP/","/MU/","/IL/","/PR/","/PI/","/PL/","/PK/","/PB/","/SP/","/SE/","/TI/","/LL/","/DT/","/LK/","/WS/","/TP/","/KS/","/SR/","/SK/","PJ"},0) ), ISNUMBER(SEARCH("40",D26) ) ),LEFT(RIGHT(D26,7),2), "-" ) -> - | F26: 26 November 2024 | G26: Permohonan Bantuan Dana Pengabdian Pada Masyarakat (P2M) | H26: WR PK | I26: Tito | J26: 9 Januari 2025 10.00 | M26: SINERGI | P26: =A26&"/UN40.SU. /2025" -> 0022/UN40.SU. /2025
A27: 0023 | B27: 8 Januari 2025 | C27: Nushritina Bayani | D27: - | E27: =IF( AND( ISNUMBER( MATCH(LEFT(RIGHT(D27,8),4),{"/AK/","/BW/","/DO/","/DK/","/EP/","/HM/","/HK/","/IN/","/KI/","/AR/","/KL/","/KM/","/KP/","/DN/","/LN/","/RT/","/TU/","/KU/","/KR/","/MI/","/MK/","/OT/","/LP/","/DL/","/LT/","/PM/","/PW/","/PG/","/PP/","/MU/","/IL/","/PR/","/PI/","/PL/","/PK/","/PB/","/SP/","/SE/","/TI/","/LL/","/DT/","/LK/","/WS/","/TP/","/KS/","/SR/","/SK/","PJ"},0) ), ISNUMBER(SEARCH("40",D27) ) ),LEFT(RIGHT(D27,7),2), "-" ) -> - | F27: 8 Januari 2025 | G27: Permohonan Bantuan Dana Kegiatan Lomba (Final Lomba Essay Nasional Mandalika Essay Competition 6 "MEC 6" | H27: WR PK | I27: Tito | J27: 9 Januari 2025 10.00 | M27: SINERGI | P27: =A27&"/UN40.SU. /2025" -> 0023/UN40.SU. /2025
A28: 0024 | B28: 8 Januari 2025 | C28: UKM Keluarga Mahasiswa Katolik (KMK) | D28: 140/B/SPm/Pan.NAT/KMKUPI/I/2025 | E28: =IF( AND( ISNUMBER( MATCH(LEFT(RIGHT(D28,8),4),{"/AK/","/BW/","/DO/","/DK/","/EP/","/HM/","/HK/","/IN/","/KI/","/AR/","/KL/","/KM/","/KP/","/DN/","/LN/","/RT/","/TU/","/KU/","/KR/","/MI/","/MK/","/OT/","/LP/","/DL/","/LT/","/PM/","/PW/","/PG/","/PP/","/MU/","/IL/","/PR/","/PI/","/PL/","/PK/","/PB/","/SP/","/SE/","/TI/","/LL/","/DT/","/LK/","/WS/","/TP/","/KS/","/SR/","/SK/","PJ"},0) ), ISNUMBER(SEARCH("40",D28) ) ),LEFT(RIGHT(D28,7),2), "-" ) -> - | F28: 7 Januari 2025 | G28: Permohonan Peminjaman Tempat (Perayaan Natal). Tanggal 17-18 Januari 2025 | H28: WR KSPSDM | I28: Firman | J28: 9 Januari 2025 10.00 | M28: SINERGI | P28: =A28&"/UN40.SU. /2025" -> 0024/UN40.SU. /2025
A29: 0025 | B29: 8 Januari 2025 | C29: Hima Pendidikan Seni Musik FPSD | D29: 001/SPp/DIV-Kegiatan/HIMAMUSIK/I/2025 | E29: =IF( AND( ISNUMBER( MATCH(LEFT(RIGHT(D29,8),4),{"/AK/","/BW/","/DO/","/DK/","/EP/","/HM/","/HK/","/IN/","/KI/","/AR/","/KL/","/KM/","/KP/","/DN/","/LN/","/RT/","/TU/","/KU/","/KR/","/MI/","/MK/","/OT/","/LP/","/DL/","/LT/","/PM/","/PW/","/PG/","/PP/","/MU/","/IL/","/PR/","/PI/","/PL/","/PK/","/PB/","/SP/","/SE/","/TI/","/LL/","/DT/","/LK/","/WS/","/TP/","/KS/","/SR/","/SK/","PJ"},0) ), ISNUMBER(SEARCH("40",D29) ) ),LEFT(RIGHT(D29,7),2), "-" ) -> - | F29: 7 Januari 2025 | G29: Permohonan Peminjaman Tempat Amphiteater | H29: WR KSPSDM | I29: Firman | J29: 9 Januari 2025 10.00 | M29: SINERGI | P29: =A29&"/UN40.SU. /2025" -> 0025/UN40.SU. /2025
A30: 0026 | B30: 8 Januari 2025 | C30: SMA Negeri 1 Cikarang Pusat | D30: 421.3/134/SMAN.1CP/Cadisdik Wil.III/2024 | E30: =IF( AND( ISNUMBER( MATCH(LEFT(RIGHT(D30,8),4),{"/AK/","/BW/","/DO/","/DK/","/EP/","/HM/","/HK/","/IN/","/KI/","/AR/","/KL/","/KM/","/KP/","/DN/","/LN/","/RT/","/TU/","/KU/","/KR/","/MI/","/MK/","/OT/","/LP/","/DL/","/LT/","/PM/","/PW/","/PG/","/PP/","/MU/","/IL/","/PR/","/PI/","/PL/","/PK/","/PB/","/SP/","/SE/","/TI/","/LL/","/DT/","/LK/","/WS/","/TP/","/KS/","/SR/","/SK/","PJ"},0) ), ISNUMBER(SEARCH("40",D30) ) ),LEFT(RIGHT(D30,7),2), "-" ) -> - | F30: 6 Januari 2025 | G30: Revisi Permohonan Izin Kunjungan Universitas. Menjadi Tanggal 21 Mei 2025 | H30: Rektor | I30: Sinergi Langsung | J30: 8 Januari 2025 15.00 | M30: SINERGI | N30: EMAIL | P30: =A30&"/UN40.SU. /2025" -> 0026/UN40.SU. /2025
A31: 0027 | B31: 8 Januari 2025 | C31: PT INTI (Persero) | D31: 18/PM.01.02/020203/2025 | E31: =IF( AND( ISNUMBER( MATCH(LEFT(RIGHT(D31,8),4),{"/AK/","/BW/","/DO/","/DK/","/EP/","/HM/","/HK/","/IN/","/KI/","/AR/","/KL/","/KM/","/KP/","/DN/","/LN/","/RT/","/TU/","/KU/","/KR/","/MI/","/MK/","/OT/","/LP/","/DL/","/LT/","/PM/","/PW/","/PG/","/PP/","/MU/","/IL/","/PR/","/PI/","/PL/","/PK/","/PB/","/SP/","/SE/","/TI/","/LL/","/DT/","/LK/","/WS/","/TP/","/KS/","/SR/","/SK/","PJ"},0) ), ISNUMBER(SEARCH("40",D31) ) ),LEFT(RIGHT(D31,7),2), "-" ) -> - | F31: 7 Januari 2025 | G31: Permohonan Audiensi Pengenalan Produk dan Solusi INTI | H31: Rektor | I31: Sinergi Langsung | J31: 8 Januari 2025 15.00 | M31: SINERGI | N31: EMAIL | P31: =A31&"/UN40.SU. /2025" -> 0027/UN40.SU. /2025
A32: 0028 | B32: 8 Januari 2025 | C32: Global University Network | D32: D/72/2266 | E32: =IF( AND( ISNUMBER( MATCH(LEFT(RIGHT(D32,8),4),{"/AK/","/BW/","/DO/","/DK/","/EP/","/HM/","/HK/","/IN/","/KI/","/AR/","/KL/","/KM/","/KP/","/DN/","/LN/","/RT/","/TU/","/KU/","/KR/","/MI/","/MK/","/OT/","/LP/","/DL/","/LT/","/PM/","/PW/","/PG/","/PP/","/MU/","/IL/","/PR/","/PI/","/PL/","/PK/","/PB/","/SP/","/SE/","/TI/","/LL/","/DT/","/LK/","/WS/","/TP/","/KS/","/SR/","/SK/","PJ"},0) ), ISNUMBER(SEARCH("40",D32) ) ),LEFT(RIGHT(D32,7),2), "-" ) -> - | F32: 5 Desember 2024 | G32: Invitation to Participate in a Premier Education Exhibition & Event International Universities General Assembly - 4-5 Feb | H32: Rektor | I32: Sinergi Langsung | J32: 8 Januari 2025 15.00 | M32: SINERGI | N32: EMAIL | P32: =A32&"/UN40.SU. /2025" -> 0028/UN40.SU. /2025
A33: 0029 | B33: 9 Januari 2025 | C33: SMA Negeri 1 Parongpong | D33: - | E33: =IF( AND( ISNUMBER( MATCH(LEFT(RIGHT(D33,8),4),{"/AK/","/BW/","/DO/","/DK/","/EP/","/HM/","/HK/","/IN/","/KI/","/AR/","/KL/","/KM/","/KP/","/DN/","/LN/","/RT/","/TU/","/KU/","/KR/","/MI/","/MK/","/OT/","/LP/","/DL/","/LT/","/PM/","/PW/","/PG/","/PP/","/MU/","/IL/","/PR/","/PI/","/PL/","/PK/","/PB/","/SP/","/SE/","/TI/","/LL/","/DT/","/LK/","/WS/","/TP/","/KS/","/SR/","/SK/","PJ"},0) ), ISNUMBER(SEARCH("40",D33) ) ),LEFT(RIGHT(D33,7),2), "-" ) -> - | F33: 9 Januari 2025 | G33: Permohonan Izin Pemotretan Yearbook SMAN 1 Parongpong | H33: WR KSPSDM | I33: Firman | J33: 10 Januari 2025 10.00 | M33: SINERGI | P33: =A33&"/UN40.SU. /2025" -> 0029/UN40.SU. /2025
A34: 0030 | B34: 9 Januari 2025 | C34: Madrasah Aliyah Negeri 3 Jakarta Pusat | D34: B-014/MA.09.3/PP.00.6/1/2025 | E34: =IF( AND( ISNUMBER( MATCH(LEFT(RIGHT(D34,8),4),{"/AK/","/BW/","/DO/","/DK/","/EP/","/HM/","/HK/","/IN/","/KI/","/AR/","/KL/","/KM/","/KP/","/DN/","/LN/","/RT/","/TU/","/KU/","/KR/","/MI/","/MK/","/OT/","/LP/","/DL/","/LT/","/PM/","/PW/","/PG/","/PP/","/MU/","/IL/","/PR/","/PI/","/PL/","/PK/","/PB/","/SP/","/SE/","/TI/","/LL/","/DT/","/LK/","/WS/","/TP/","/KS/","/SR/","/SK/","PJ"},0) ), ISNUMBER(SEARCH("40",D34) ) ),LEFT(RIGHT(D34,7),2), "-" ) -> - | F34: 7 Januari 2025 | G34: Permohonan Kunjungan Riset Study Lapangan dan Goes To Campus 2025. Tanggal 17 April 2025 | H34: Rektor | I34: Kinanti | J34: 10 Januari 2025 10.00 | M34: SINERGI | P34: =A34&"/UN40.SU. /2025" -> 0030/UN40.SU. /2025
A35: 0031 | B35: 9 Januari 2025 | C35: SMA MTA Surakarta | D35: 421.4/463 | E35: =IF( AND( ISNUMBER( MATCH(LEFT(RIGHT(D35,8),4),{"/AK/","/BW/","/DO/","/DK/","/EP/","/HM/","/HK/","/IN/","/KI/","/AR/","/KL/","/KM/","/KP/","/DN/","/LN/","/RT/","/TU/","/KU/","/KR/","/MI/","/MK/","/OT/","/LP/","/DL/","/LT/","/PM/","/PW/","/PG/","/PP/","/MU/","/IL/","/PR/","/PI/","/PL/","/PK/","/PB/","/SP/","/SE/","/TI/","/LL/","/DT/","/LK/","/WS/","/TP/","/KS/","/SR/","/SK/","PJ"},0) ), ISNUMBER(SEARCH("40",D35) ) ),LEFT(RIGHT(D35,7),2), "-" ) -> - | F35: 16 Desember 2024 | G35: Permohonan Partisipasi SMA MTA SKA EDU EXPO 2025. Tanggal 11 Januari 2025 | H35: Rektor | I35: Kinanti | J35: 10 Januari 2025 10.00 | M35: SINERGI | P35: =A35&"/UN40.SU. /2025" -> 0031/UN40.SU. /2025
A36: 0032 | B36: 9 Januari 2025 | C36: Pusat Studi Transportasi dan Logistik (Pustral) Universitas Gadjah Mada | D36: 23/UN1/PUSTRAL/PT/2025 | E36: =IF( AND( ISNUMBER( MATCH(LEFT(RIGHT(D36,8),4),{"/AK/","/BW/","/DO/","/DK/","/EP/","/HM/","/HK/","/IN/","/KI/","/AR/","/KL/","/KM/","/KP/","/DN/","/LN/","/RT/","/TU/","/KU/","/KR/","/MI/","/MK/","/OT/","/LP/","/DL/","/LT/","/PM/","/PW/","/PG/","/PP/","/MU/","/IL/","/PR/","/PI/","/PL/","/PK/","/PB/","/SP/","/SE/","/TI/","/LL/","/DT/","/LK/","/WS/","/TP/","/KS/","/SR/","/SK/","PJ"},0) ), ISNUMBER(SEARCH("40",D36) ) ),LEFT(RIGHT(D36,7),2), "-" ) -> - | F36: 8 Januari 2025 | G36: Undangan Peserta Diskusi Akademis dengan Tema “Rilis Survei Nasional Persepsi Publik Terhadap Penyelenggaraan Transportasi Pada Masa Libur Natal 2024 & Tahun Baru 2025”. Tanggal 10 Januari 2025 | H36: Rektor | I36: Sinergi Langsung | J36: 9 Januari 2025 13.00 | M36: SINERGI | N36: EMAIL | P36: =A36&"/UN40.SU. /2025" -> 0032/UN40.SU. /2025
A37: 0033 | B37: 9 Januari 2025 | C37: Akademi Sages | D37: 070/SD-A.SAGES/G/I/2025 | E37: =IF( AND( ISNUMBER( MATCH(LEFT(RIGHT(D37,8),4),{"/AK/","/BW/","/DO/","/DK/","/EP/","/HM/","/HK/","/IN/","/KI/","/AR/","/KL/","/KM/","/KP/","/DN/","/LN/","/RT/","/TU/","/KU/","/KR/","/MI/","/MK/","/OT/","/LP/","/DL/","/LT/","/PM/","/PW/","/PG/","/PP/","/MU/","/IL/","/PR/","/PI/","/PL/","/PK/","/PB/","/SP/","/SE/","/TI/","/LL/","/DT/","/LK/","/WS/","/TP/","/KS/","/SR/","/SK/","PJ"},0) ), ISNUMBER(SEARCH("40",D37) ) ),LEFT(RIGHT(D37,7),2), "-" ) -> - | F37: 8 Januari 2025 | G37: Permohonan Ijin Kunjungan dan Kerjasama dengan Prodi Tata Boga Universitas Pendidikan Indonesia. Tanggal 13 Januari 2025 | H37: Rektor | I37: Sinergi Langsung | J37: 9 Januari 2025 13.00 | M37: SINERGI | N37: EMAIL | P37: =A37&"/UN40.SU. /2025" -> 0033/UN40.SU. /2025
A38: 0034 | B38: 9 Januari 2025 | C38: Faculty of Quranic and Sunnah Studies Universiti Sains Islam | D38: - | E38: =IF( AND( ISNUMBER( MATCH(LEFT(RIGHT(D38,8),4),{"/AK/","/BW/","/DO/","/DK/","/EP/","/HM/","/HK/","/IN/","/KI/","/AR/","/KL/","/KM/","/KP/","/DN/","/LN/","/RT/","/TU/","/KU/","/KR/","/MI/","/MK/","/OT/","/LP/","/DL/","/LT/","/PM/","/PW/","/PG/","/PP/","/MU/","/IL/","/PR/","/PI/","/PL/","/PK/","/PB/","/SP/","/SE/","/TI/","/LL/","/DT/","/LK/","/WS/","/TP/","/KS/","/SR/","/SK/","PJ"},0) ), ISNUMBER(SEARCH("40",D38) ) ),LEFT(RIGHT(D38,7),2), "-" ) -> - | F38: 9 Januari 2025 | G38: Request for a visit to the the campus of universitas pendidikan indonesia, bandung. 24th February 2024 | H38: Rektor | I38: Sinergi Langsung | J38: 9 Januari 2025 13.00 | M38: SINERGI | N38: EMAIL | P38: =A38&"/UN40.SU. /2025" -> 0034/UN40.SU. /2025
A39: 0035 | B39: 10 Januari 2025 | C39: KEMA FPMIPA | D39: 009/B/SPD/B10/Pan.P2m/Bem.KEMA.FPMIPA.UPI.I/2025 | E39: =IF( AND( ISNUMBER( MATCH(LEFT(RIGHT(D39,8),4),{"/AK/","/BW/","/DO/","/DK/","/EP/","/HM/","/HK/","/IN/","/KI/","/AR/","/KL/","/KM/","/KP/","/DN/","/LN/","/RT/","/TU/","/KU/","/KR/","/MI/","/MK/","/OT/","/LP/","/DL/","/LT/","/PM/","/PW/","/PG/","/PP/","/MU/","/IL/","/PR/","/PI/","/PL/","/PK/","/PB/","/SP/","/SE/","/TI/","/LL/","/DT/","/LK/","/WS/","/TP/","/KS/","/SR/","/SK/","PJ"},0) ), ISNUMBER(SEARCH("40",D39) ) ),LEFT(RIGHT(D39,7),2), "-" ) -> - | F39: 7 Januari 2025 | G39: Permohonan Bantuan Dana Pengabdian Pada Masyarakat (P2M) | H39: WR PK | I39: Tito | J39: 13 Januari 2025 10.00 | M39: SINERGI | P39: =A39&"/UN40.SU. /2025" -> 0035/UN40.SU. /2025
A40: 0036 | B40: 10 Januari 2025 | C40: Lingkar Indonesia Pintar (Lintar UPI) Periode 2024-2025 | D40: 011/SPH-C/Pan-MK/Lintar.UPI/I/2025 | E40: =IF( AND( ISNUMBER( MATCH(LEFT(RIGHT(D40,8),4),{"/AK/","/BW/","/DO/","/DK/","/EP/","/HM/","/HK/","/IN/","/KI/","/AR/","/KL/","/KM/","/KP/","/DN/","/LN/","/RT/","/TU/","/KU/","/KR/","/MI/","/MK/","/OT/","/LP/","/DL/","/LT/","/PM/","/PW/","/PG/","/PP/","/MU/","/IL/","/PR/","/PI/","/PL/","/PK/","/PB/","/SP/","/SE/","/TI/","/LL/","/DT/","/LK/","/WS/","/TP/","/KS/","/SR/","/SK/","PJ"},0) ), ISNUMBER(SEARCH("40",D40) ) ),LEFT(RIGHT(D40,7),2), "-" ) -> - | F40: 2 Januari 2025 | G40: Permohonan Bantuan Dana KIP-Kuliah Ngabdi Ka Lembur (Makin Kalem) | H40: WR PK | I40: Tito | J40: 13 Januari 2025 10.00 | M40: SINERGI | P40: =A40&"/UN40.SU. /2025" -> 0036/UN40.SU. /2025
A41: 0037 | B41: 10 Januari 2025 | C41: Lingkar Indonesia Pintar (Lintar UPI) Periode 2024-2025 | D41: 012/SU/Pan-MK/Lintar.UPI/I/2025 | E41: =IF( AND( ISNUMBER( MATCH(LEFT(RIGHT(D41,8),4),{"/AK/","/BW/","/DO/","/DK/","/EP/","/HM/","/HK/","/IN/","/KI/","/AR/","/KL/","/KM/","/KP/","/DN/","/LN/","/RT/","/TU/","/KU/","/KR/","/MI/","/MK/","/OT/","/LP/","/DL/","/LT/","/PM/","/PW/","/PG/","/PP/","/MU/","/IL/","/PR/","/PI/","/PL/","/PK/","/PB/","/SP/","/SE/","/TI/","/LL/","/DT/","/LK/","/WS/","/TP/","/KS/","/SR/","/SK/","PJ"},0) ), ISNUMBER(SEARCH("40",D41) ) ),LEFT(RIGHT(D41,7),2), "-" ) -> - | F41: 2 Januari 2025 | G41: Undangan Apel Pelepasan Panitia Kegiatan KIP-Kuliah Ngabdi Ka Lembur. Tanggal 12 Januari 2025 pukul 07.00 di Taman Bareti | H41: WR PK | I41: Tito | J41: 13 Januari 2025 10.00 | M41: SINERGI | P41: =A41&"/UN40.SU. /2025" -> 0037/UN40.SU. /2025
A42: 0038 | B42: 10 Januari 2025 | C42: Kasespim Lemdiklat Polri | D42: - | E42: =IF( AND( ISNUMBER( MATCH(LEFT(RIGHT(D42,8),4),{"/AK/","/BW/","/DO/","/DK/","/EP/","/HM/","/HK/","/IN/","/KI/","/AR/","/KL/","/KM/","/KP/","/DN/","/LN/","/RT/","/TU/","/KU/","/KR/","/MI/","/MK/","/OT/","/LP/","/DL/","/LT/","/PM/","/PW/","/PG/","/PP/","/MU/","/IL/","/PR/","/PI/","/PL/","/PK/","/PB/","/SP/","/SE/","/TI/","/LL/","/DT/","/LK/","/WS/","/TP/","/KS/","/SR/","/SK/","PJ"},0) ), ISNUMBER(SEARCH("40",D42) ) ),LEFT(RIGHT(D42,7),2), "-" ) -> - | F42: 6 Januari 2025 | G42: Undangan Upacara Pembukaan Pendidikan Sespimti Polri Dikreg Ke-34 dan Sespimmen Polri Dikreg Ke-65 T.A. 2025. Tanggal 15 Januari 2025 pukul 09.00 di Gedung Utaryo Sespim Lemdiklat Polri (Berkas) | H42: Rektor | I42: Kinanti | J42: 13 Januari 2025 10.00 | P42: =A42&"/UN40.SU. /2025" -> 0038/UN40.SU. /2025
A43: 0039 | B43: 10 Januari 2025 | C43: UKM KSR PMI Unit UPI | D43: 102/SPm/DIKLATSAR XXXIX/KSR PMI Unit UPI/XI/2024 | E43: =IF( AND( ISNUMBER( MATCH(LEFT(RIGHT(D43,8),4),{"/AK/","/BW/","/DO/","/DK/","/EP/","/HM/","/HK/","/IN/","/KI/","/AR/","/KL/","/KM/","/KP/","/DN/","/LN/","/RT/","/TU/","/KU/","/KR/","/MI/","/MK/","/OT/","/LP/","/DL/","/LT/","/PM/","/PW/","/PG/","/PP/","/MU/","/IL/","/PR/","/PI/","/PL/","/PK/","/PB/","/SP/","/SE/","/TI/","/LL/","/DT/","/LK/","/WS/","/TP/","/KS/","/SR/","/SK/","PJ"},0) ), ISNUMBER(SEARCH("40",D43) ) ),LEFT(RIGHT(D43,7),2), "-" ) -> - | F43: 7 November 2024 | G43: Permohonan Tanda Tangan Piagam Penghargaan dan Sertifikat Kegiatan Pendidikan dan Pelatihan Dasar (DIKLATSAR) XXXIX | H43: Rektor | I43: Kinanti | J43: 13 Januari 2025 10.00 | M43: SINERGI | P43: =A43&"/UN40.SU. /2025" -> 0039/UN40.SU. /2025
A44: 0040 | B44: 10 Januari 2025 | C44: UKM KSR PMI Unit UPI | D44: 200/SOm/KSR PMI Unit UPI/X/2024 | E44: =IF( AND( ISNUMBER( MATCH(LEFT(RIGHT(D44,8),4),{"/AK/","/BW/","/DO/","/DK/","/EP/","/HM/","/HK/","/IN/","/KI/","/AR/","/KL/","/KM/","/KP/","/DN/","/LN/","/RT/","/TU/","/KU/","/KR/","/MI/","/MK/","/OT/","/LP/","/DL/","/LT/","/PM/","/PW/","/PG/","/PP/","/MU/","/IL/","/PR/","/PI/","/PL/","/PK/","/PB/","/SP/","/SE/","/TI/","/LL/","/DT/","/LK/","/WS/","/TP/","/KS/","/SR/","/SK/","PJ"},0) ), ISNUMBER(SEARCH("40",D44) ) ),LEFT(RIGHT(D44,7),2), "-" ) -> - | F44: 31 Oktober 2024 | G44: Permohonan Tanda Tangan Piagam Penghargaan Kepengurusan KSR PMI Unit UPI Periode 2024 | H44: Rektor | I44: Kinanti | J44: 13 Januari 2025 10.00 | M44: SINERGI | P44: =A44&"/UN40.SU. /2025" -> 0040/UN40.SU. /2025
A45: 0041 | B45: 10 Januari 2025 | C45: Ketua Jurusan Teknik Sipil Politeknik Negeri Bandung (POLBAN) | D45: 24/PL1.SI/AK.10.08/2025 | E45: =IF( AND( ISNUMBER( MATCH(LEFT(RIGHT(D45,8),4),{"/AK/","/BW/","/DO/","/DK/","/EP/","/HM/","/HK/","/IN/","/KI/","/AR/","/KL/","/KM/","/KP/","/DN/","/LN/","/RT/","/TU/","/KU/","/KR/","/MI/","/MK/","/OT/","/LP/","/DL/","/LT/","/PM/","/PW/","/PG/","/PP/","/MU/","/IL/","/PR/","/PI/","/PL/","/PK/","/PB/","/SP/","/SE/","/TI/","/LL/","/DT/","/LK/","/WS/","/TP/","/KS/","/SR/","/SK/","PJ"},0) ), ISNUMBER(SEARCH("40",D45) ) ),LEFT(RIGHT(D45,7),2), "-" ) -> - | F45: 7 Januari 2025 | G45: Permohonan Izin Survey dan Data untuk Tugas Akhir a.n. Isa Munajar dan Muhamad Reza Priantoni | H45: WR KSPSDM | I45: Firman | J45: 13 Januari 2025 10.00 | M45: SINERGI | P45: =A45&"/UN40.SU. /2025" -> 0041/UN40.SU. /2025
A46: 0042 | B46: 10 Januari 2025 | C46: Kelompok Studi Pasar Modal (KSPM) PKN STAN | D46: 005/SCMF/SP/10/2024 | E46: =IF( AND( ISNUMBER( MATCH(LEFT(RIGHT(D46,8),4),{"/AK/","/BW/","/DO/","/DK/","/EP/","/HM/","/HK/","/IN/","/KI/","/AR/","/KL/","/KM/","/KP/","/DN/","/LN/","/RT/","/TU/","/KU/","/KR/","/MI/","/MK/","/OT/","/LP/","/DL/","/LT/","/PM/","/PW/","/PG/","/PP/","/MU/","/IL/","/PR/","/PI/","/PL/","/PK/","/PB/","/SP/","/SE/","/TI/","/LL/","/DT/","/LK/","/WS/","/TP/","/KS/","/SR/","/SK/","PJ"},0) ), ISNUMBER(SEARCH("40",D46) ) ),LEFT(RIGHT(D46,7),2), "-" ) -> - | F46: 4 Januari 2025 | G46: Undangan STAN Capital Market Fair Politeknik Keuangan Negara STAN 2025 | H46: Rektor | I46: Sinergi Langsung | J46: 10 Januari 2025 16.00 | M46: SINERGI | P46: =A46&"/UN40.SU. /2025" -> 0042/UN40.SU. /2025
A47: 0043 | B47: 10 Januari 2025 | C47: Nobelium Asia | D47: 017/INV-Nobelium/I/2025 | E47: =IF( AND( ISNUMBER( MATCH(LEFT(RIGHT(D47,8),4),{"/AK/","/BW/","/DO/","/DK/","/EP/","/HM/","/HK/","/IN/","/KI/","/AR/","/KL/","/KM/","/KP/","/DN/","/LN/","/RT/","/TU/","/KU/","/KR/","/MI/","/MK/","/OT/","/LP/","/DL/","/LT/","/PM/","/PW/","/PG/","/PP/","/MU/","/IL/","/PR/","/PI/","/PL/","/PK/","/PB/","/SP/","/SE/","/TI/","/LL/","/DT/","/LK/","/WS/","/TP/","/KS/","/SR/","/SK/","PJ"},0) ), ISNUMBER(SEARCH("40",D47) ) ),LEFT(RIGHT(D47,7),2), "-" ) -> - | F47: 24 Desember 2024 | G47: Invitation to International Executive Seminar on Leadership in Scientific Journal Management 2025 | H47: Rektor | I47: Sinergi Langsung | J47: 10 Januari 2025 16.00 | M47: SINERGI | P47: =A47&"/UN40.SU. /2025" -> 0043/UN40.SU. /2025
A48: 0044 | B48: 10 Januari 2025 | C48: Himpunan Mahasiswa Program Studi Akuntansi Unisnu Jepara | D48: 0197/03/COUNTFAIR/HMPS-A/I/2025 | E48: =IF( AND( ISNUMBER( MATCH(LEFT(RIGHT(D48,8),4),{"/AK/","/BW/","/DO/","/DK/","/EP/","/HM/","/HK/","/IN/","/KI/","/AR/","/KL/","/KM/","/KP/","/DN/","/LN/","/RT/","/TU/","/KU/","/KR/","/MI/","/MK/","/OT/","/LP/","/DL/","/LT/","/PM/","/PW/","/PG/","/PP/","/MU/","/IL/","/PR/","/PI/","/PL/","/PK/","/PB/","/SP/","/SE/","/TI/","/LL/","/DT/","/LK/","/WS/","/TP/","/KS/","/SR/","/SK/","PJ"},0) ), ISNUMBER(SEARCH("40",D48) ) ),LEFT(RIGHT(D48,7),2), "-" ) -> - | F48: 8 Januari 2025 | G48: Undangan Lomba Nasional Accounting Skill Competition 2025 | H48: Rektor | I48: Sinergi Langsung | J48: 10 Januari 2025 16.00 | M48: SINERGI | P48: =A48&"/UN40.SU. /2025" -> 0044/UN40.SU. /2025
A49: 0045 | B49: 10 Januari 2025 | C49: Komando Resimen Mahasiswa Mahawarman Batalyon XI/UPI | D49: B/002/DIKLATSARMIL/I/2025 | E49: =IF( AND( ISNUMBER( MATCH(LEFT(RIGHT(D49,8),4),{"/AK/","/BW/","/DO/","/DK/","/EP/","/HM/","/HK/","/IN/","/KI/","/AR/","/KL/","/KM/","/KP/","/DN/","/LN/","/RT/","/TU/","/KU/","/KR/","/MI/","/MK/","/OT/","/LP/","/DL/","/LT/","/PM/","/PW/","/PG/","/PP/","/MU/","/IL/","/PR/","/PI/","/PL/","/PK/","/PB/","/SP/","/SE/","/TI/","/LL/","/DT/","/LK/","/WS/","/TP/","/KS/","/SR/","/SK/","PJ"},0) ), ISNUMBER(SEARCH("40",D49) ) ),LEFT(RIGHT(D49,7),2), "-" ) -> - | F49: 2 Januari 2025 | G49: Permohonan Bantuan Dana Kegiatan Pra-Pendidikan dan Pendidikan Latihan Dasar Militer Resimen Mahasiswa Mahawarman Batalyon XI UPI/RP Tahun 2025 | H49: WR PK | I49: Tito | J49: 14 Januari 2025 10.00 | M49: SINERGI | P49: =A49&"/UN40.SU. /2025" -> 0045/UN40.SU. /2025
A50: 0046 | B50: 13 Januari 2025 | C50: UKM Kompetitif UPI | D50: 118/Spmh/UKM.KOMPETITIF.UPI.UN40/I/2025 | E50: =IF( AND( ISNUMBER( MATCH(LEFT(RIGHT(D50,8),4),{"/AK/","/BW/","/DO/","/DK/","/EP/","/HM/","/HK/","/IN/","/KI/","/AR/","/KL/","/KM/","/KP/","/DN/","/LN/","/RT/","/TU/","/KU/","/KR/","/MI/","/MK/","/OT/","/LP/","/DL/","/LT/","/PM/","/PW/","/PG/","/PP/","/MU/","/IL/","/PR/","/PI/","/PL/","/PK/","/PB/","/SP/","/SE/","/TI/","/LL/","/DT/","/LK/","/WS/","/TP/","/KS/","/SR/","/SK/","PJ"},0) ), ISNUMBER(SEARCH("40",D50) ) ),LEFT(RIGHT(D50,7),2), "-" ) -> - | F50: 10 Januari 2025 | G50: Permohonan Bantuan Dana Kegiatan Terakhir Diklat bertema One Time One Family | H50: WR PK | I50: Tito | J50: 14 Januari 2025 10.00 | M50: SINERGI | P50: =A50&"/UN40.SU. /2025" -> 0046/UN40.SU. /2025
A51: 0047 | B51: 13 Januari 2025 | C51: KEMA FPMIPA | D51: 008/B/SPD/B6/Pan.PARAMPA/BEM.KEMA.FPMIPA.UPI/I/2025 | E51: =IF( AND( ISNUMBER( MATCH(LEFT(RIGHT(D51,8),4),{"/AK/","/BW/","/DO/","/DK/","/EP/","/HM/","/HK/","/IN/","/KI/","/AR/","/KL/","/KM/","/KP/","/DN/","/LN/","/RT/","/TU/","/KU/","/KR/","/MI/","/MK/","/OT/","/LP/","/DL/","/LT/","/PM/","/PW/","/PG/","/PP/","/MU/","/IL/","/PR/","/PI/","/PL/","/PK/","/PB/","/SP/","/SE/","/TI/","/LL/","/DT/","/LK/","/WS/","/TP/","/KS/","/SR/","/SK/","PJ"},0) ), ISNUMBER(SEARCH("40",D51) ) ),LEFT(RIGHT(D51,7),2), "-" ) -> - | F51: 1 Januari 2025 | G51: Permohonan Bantuan Dana PARAMPA FPMIPA UPI 2025 | H51: WR PK | I51: Tito | J51: 14 Januari 2025 10.00 | M51: SINERGI | P51: =A51&"/UN40.SU. /2025" -> 0047/UN40.SU. /2025
A52: 0048 | B52: 13 Januari 2025 | C52: Kejaksaan Negeri Kota Bandung | D52: B-41/M.2.10/Fd.1/01/2025 | E52: =IF( AND( ISNUMBER( MATCH(LEFT(RIGHT(D52,8),4),{"/AK/","/BW/","/DO/","/DK/","/EP/","/HM/","/HK/","/IN/","/KI/","/AR/","/KL/","/KM/","/KP/","/DN/","/LN/","/RT/","/TU/","/KU/","/KR/","/MI/","/MK/","/OT/","/LP/","/DL/","/LT/","/PM/","/PW/","/PG/","/PP/","/MU/","/IL/","/PR/","/PI/","/PL/","/PK/","/PB/","/SP/","/SE/","/TI/","/LL/","/DT/","/LK/","/WS/","/TP/","/KS/","/SR/","/SK/","PJ"},0) ), ISNUMBER(SEARCH("40",D52) ) ),LEFT(RIGHT(D52,7),2), "-" ) -> - | F52: 8 Januari 2025 | G52: Laporan Pengaduan / Informasi terkait Dugaan Tindak Pidana Korupsi Pemalsuan Dokumen Lelang Pembangunan Gedung Perkuliahan UPI Kampus Purwakarta Tahun 2024 | H52: Rektor | I52: Kinanti | J52: 14 Januari 2025 10.00 | M52: SINERGI | P52: =A52&"/UN40.SU. /2025" -> 0048/UN40.SU. /2025
A53: 0049 | B53: 13 Januari 2025 | C53: UKM Kompetitif UPI | D53: 115/Spmh/UKM.KOMPETITIF.UPI.UN40/I/2025 | E53: =IF( AND( ISNUMBER( MATCH(LEFT(RIGHT(D53,8),4),{"/AK/","/BW/","/DO/","/DK/","/EP/","/HM/","/HK/","/IN/","/KI/","/AR/","/KL/","/KM/","/KP/","/DN/","/LN/","/RT/","/TU/","/KU/","/KR/","/MI/","/MK/","/OT/","/LP/","/DL/","/LT/","/PM/","/PW/","/PG/","/PP/","/MU/","/IL/","/PR/","/PI/","/PL/","/PK/","/PB/","/SP/","/SE/","/TI/","/LL/","/DT/","/LK/","/WS/","/TP/","/KS/","/SR/","/SK/","PJ"},0) ), ISNUMBER(SEARCH("40",D53) ) ),LEFT(RIGHT(D53,7),2), "-" ) -> - | F53: 2 Januari 2025 | G53: Permohonan Peminjaman Bus & Truk Universitas Serta BBM untuk Kegiatan Terakhir Diklat bertema One Time One Family. Tanggal 16-18 Januari 2025 | H53: Rektor | I53: Kinanti | J53: 14 Januari 2025 10.00 | M53: SINERGI | P53: =A53&"/UN40.SU. /2025" -> 0049/UN40.SU. /2025
A54: 0050 | B54: 14 Januari 2025 | C54: Pusat Pengkajian dan Pengembangan Manajemen Daerah Kemdagri RI | D54: 001/PAN/P3MD/BANDUNG/XII/2024 | E54: =IF( AND( ISNUMBER( MATCH(LEFT(RIGHT(D54,8),4),{"/AK/","/BW/","/DO/","/DK/","/EP/","/HM/","/HK/","/IN/","/KI/","/AR/","/KL/","/KM/","/KP/","/DN/","/LN/","/RT/","/TU/","/KU/","/KR/","/MI/","/MK/","/OT/","/LP/","/DL/","/LT/","/PM/","/PW/","/PG/","/PP/","/MU/","/IL/","/PR/","/PI/","/PL/","/PK/","/PB/","/SP/","/SE/","/TI/","/LL/","/DT/","/LK/","/WS/","/TP/","/KS/","/SR/","/SK/","PJ"},0) ), ISNUMBER(SEARCH("40",D54) ) ),LEFT(RIGHT(D54,7),2), "-" ) -> - | F54: 15 Desember 2024 | G54: Undangan-Bimtek Perpajakan Sehari - Terbaru Tahun 2024 | H54: WR KSPSDM | I54: Firman | J54: 16 Januari 2025 10.00 | M54: SINERGI | P54: =A54&"/UN40.SU. /2025" -> 0050/UN40.SU. /2025
... A59: 0055 | B59: 15 Januari 2025 | C59: UKM Kompetitif UPI | D59: 119/SPmh/UKM.KOMPETITIF.UPI.UN40/I/2025 | E59: =IF( AND( ISNUMBER( MATCH(LEFT(RIGHT(D59,8),4),{"/AK/","/BW/","/DO/","/DK/","/EP/","/HM/","/HK/","/IN/","/KI/","/AR/","/KL/","/KM/","/KP/","/DN/","/LN/","/RT/","/TU/","/KU/","/KR/","/MI/","/MK/","/OT/","/LP/","/DL/","/LT/","/PM/","/PW/","/PG/","/PP/","/MU/","/IL/","/PR/","/PI/","/PL/","/PK/","/PB/","/SP/","/SE/","/TI/","/LL/","/DT/","/LK/","/WS/","/TP/","/KS/","/SR/","/SK/","PJ"},0) ), ISNUMBER(SEARCH("40",D59) ) ),LEFT(RIGHT(D59,7),2), "-" ) -> - | F59: 13 Januari 2025 | G59: Permohonan Bantuan Dana ((Eshark Rok Cup Indonesia 2025 Round 1)) | H59: WR PK | I59: Tito | J59: 16 Januari 2025 10.00 | M59: SINERGI | P59: =A59&"/UN40.SU. /2025" -> 0055/UN40.SU. /2025
A60: 0056 | B60: 15 Januari 2025 | C60: Kwartir Gerakan Pramuka Jawa Barat | D60: 006 /09-B | E60: =IF( AND( ISNUMBER( MATCH(LEFT(RIGHT(D60,8),4),{"/AK/","/BW/","/DO/","/DK/","/EP/","/HM/","/HK/","/IN/","/KI/","/AR/","/KL/","/KM/","/KP/","/DN/","/LN/","/RT/","/TU/","/KU/","/KR/","/MI/","/MK/","/OT/","/LP/","/DL/","/LT/","/PM/","/PW/","/PG/","/PP/","/MU/","/IL/","/PR/","/PI/","/PL/","/PK/","/PB/","/SP/","/SE/","/TI/","/LL/","/DT/","/LK/","/WS/","/TP/","/KS/","/SR/","/SK/","PJ"},0) ), ISNUMBER(SEARCH("40",D60) ) ),LEFT(RIGHT(D60,7),2), "-" ) -> - | F60: 7 Januari 2025 | G60: Permohonan Audiensi Jalur PIN Japres Pramuka UPI. Tanggal 14 Januari 2025 | H60: Rektor | I60: Sinergi Langsung | J60: 14 Januari 2025 14.00 | M60: SINERGI | N60: EMAIL | P60: =A60&"/UN40.SU. /2025" -> 0056/UN40.SU. /2025
A61: 0057 | B61: 15 Januari 2025 | C61: SMA Pesantren Darul Ikhlas | D61: 009.03/YIIAC/SMA/I/25-46 | E61: =IF( AND( ISNUMBER( MATCH(LEFT(RIGHT(D61,8),4),{"/AK/","/BW/","/DO/","/DK/","/EP/","/HM/","/HK/","/IN/","/KI/","/AR/","/KL/","/KM/","/KP/","/DN/","/LN/","/RT/","/TU/","/KU/","/KR/","/MI/","/MK/","/OT/","/LP/","/DL/","/LT/","/PM/","/PW/","/PG/","/PP/","/MU/","/IL/","/PR/","/PI/","/PL/","/PK/","/PB/","/SP/","/SE/","/TI/","/LL/","/DT/","/LK/","/WS/","/TP/","/KS/","/SR/","/SK/","PJ"},0) ), ISNUMBER(SEARCH("40",D61) ) ),LEFT(RIGHT(D61,7),2), "-" ) -> - | F61: 13 Januari2025 | G61: Permohonan Kunjungan Siswa SMA Pesantren Darul Ikhlas Cikarang Selatan Bekasi ke UPI Tanggal 18 Februari 2025 | H61: Rektor | I61: Sinergi Langsung | J61: 14 Januari 2025 14.00 | M61: SINERGI | N61: EMAIL | P61: =A61&"/UN40.SU. /2025" -> 0057/UN40.SU. /2025
A62: 0058 | B62: 15 Januari 2025 | C62: Universitas Islam Internasional Indonesia | D62: B-007/Rek/UIII/UM.02/1/2025 | E62: =IF( AND( ISNUMBER( MATCH(LEFT(RIGHT(D62,8),4),{"/AK/","/BW/","/DO/","/DK/","/EP/","/HM/","/HK/","/IN/","/KI/","/AR/","/KL/","/KM/","/KP/","/DN/","/LN/","/RT/","/TU/","/KU/","/KR/","/MI/","/MK/","/OT/","/LP/","/DL/","/LT/","/PM/","/PW/","/PG/","/PP/","/MU/","/IL/","/PR/","/PI/","/PL/","/PK/","/PB/","/SP/","/SE/","/TI/","/LL/","/DT/","/LK/","/WS/","/TP/","/KS/","/SR/","/SK/","PJ"},0) ), ISNUMBER(SEARCH("40",D62) ) ),LEFT(RIGHT(D62,7),2), "-" ) -> - | F62: 14 Januari 2025 | G62: Permohonan Kunjungan Benchmarking Tata Kelola Pengawasan Internal. Tanggal 23 Januari 2025 | H62: Rektor | I62: Sinergi Langsung | J62: 15 Januari 2025 10.00 | M62: SINERGI | N62: WA | O62: Pa Budi | P62: =A62&"/UN40.SU. /2025" -> 0058/UN40.SU. /2025
A63: 0059 | B63: 16 Januari 2025 | C63: Dr. H. Tedi Setiadi, S.Pd., M.Pd. | D63: - | E63: =IF( AND( ISNUMBER( MATCH(LEFT(RIGHT(D63,8),4),{"/AK/","/BW/","/DO/","/DK/","/EP/","/HM/","/HK/","/IN/","/KI/","/AR/","/KL/","/KM/","/KP/","/DN/","/LN/","/RT/","/TU/","/KU/","/KR/","/MI/","/MK/","/OT/","/LP/","/DL/","/LT/","/PM/","/PW/","/PG/","/PP/","/MU/","/IL/","/PR/","/PI/","/PL/","/PK/","/PB/","/SP/","/SE/","/TI/","/LL/","/DT/","/LK/","/WS/","/TP/","/KS/","/SR/","/SK/","PJ"},0) ), ISNUMBER(SEARCH("40",D63) ) ),LEFT(RIGHT(D63,7),2), "-" ) -> - | F63: 6 Januari 2025 | G63: Permohonan Mutasi Kerja (tanaga Fungsional "Staf Pengajar" di UPI Kampus Tasikmalaya) a.n. Dr. H. Tedi Setiadi, S.Pd., M.Pd. | H63: Rektor | I63: Kinanti | J63: 17 Januari 2025 10.00 | M63: SINERGI | P63: =A63&"/UN40.SU. /2025" -> 0059/UN40.SU. /2025
A64: 0060 | B64: 16 Januari 2025 | C64: Institut Teknologi Bandung | D64: - | E64: =IF( AND( ISNUMBER( MATCH(LEFT(RIGHT(D64,8),4),{"/AK/","/BW/","/DO/","/DK/","/EP/","/HM/","/HK/","/IN/","/KI/","/AR/","/KL/","/KM/","/KP/","/DN/","/LN/","/RT/","/TU/","/KU/","/KR/","/MI/","/MK/","/OT/","/LP/","/DL/","/LT/","/PM/","/PW/","/PG/","/PP/","/MU/","/IL/","/PR/","/PI/","/PL/","/PK/","/PB/","/SP/","/SE/","/TI/","/LL/","/DT/","/LK/","/WS/","/TP/","/KS/","/SR/","/SK/","PJ"},0) ), ISNUMBER(SEARCH("40",D64) ) ),LEFT(RIGHT(D64,7),2), "-" ) -> - | F64: - | G64: Undangan Pelantikan Rektor Institut Teknologi Bandung Periode 2025-2030. Tanggal 20 Januari 2025 di Aula Barat ITB | H64: Rektor | I64: Kinanti | J64: 17 Januari 2025 10.00 | M64: SINERGI | P64: =A64&"/UN40.SU. /2025" -> 0060/UN40.SU. /2025
A65: 0061 | B65: 16 Januari 2025 | C65: HIMA Teknik Logistik FPTI | D65: 033/Pan.HMTL Mengabdi/Pmh/HMTL FPTI UPI/I/2025 | E65: =IF( AND( ISNUMBER( MATCH(LEFT(RIGHT(D65,8),4),{"/AK/","/BW/","/DO/","/DK/","/EP/","/HM/","/HK/","/IN/","/KI/","/AR/","/KL/","/KM/","/KP/","/DN/","/LN/","/RT/","/TU/","/KU/","/KR/","/MI/","/MK/","/OT/","/LP/","/DL/","/LT/","/PM/","/PW/","/PG/","/PP/","/MU/","/IL/","/PR/","/PI/","/PL/","/PK/","/PB/","/SP/","/SE/","/TI/","/LL/","/DT/","/LK/","/WS/","/TP/","/KS/","/SR/","/SK/","PJ"},0) ), ISNUMBER(SEARCH("40",D65) ) ),LEFT(RIGHT(D65,7),2), "-" ) -> - | F65: 10 Januari 2025 | G65: Permohonan Bantuan Dana HMTL Mengabdi | H65: WR PK | I65: Esti | J65: 17 Januari 2025 10.00 | M65: SINERGI | P65: =A65&"/UN40.SU. /2025" -> 0061/UN40.SU. /2025
A66: 0062 | B66: 16 Januari 2025 | C66: UKM Protokol Bumi Siliwangi | D66: 22.21/938-PROBUMSIL/I-V/2025 | E66: =IF( AND( ISNUMBER( MATCH(LEFT(RIGHT(D66,8),4),{"/AK/","/BW/","/DO/","/DK/","/EP/","/HM/","/HK/","/IN/","/KI/","/AR/","/KL/","/KM/","/KP/","/DN/","/LN/","/RT/","/TU/","/KU/","/KR/","/MI/","/MK/","/OT/","/LP/","/DL/","/LT/","/PM/","/PW/","/PG/","/PP/","/MU/","/IL/","/PR/","/PI/","/PL/","/PK/","/PB/","/SP/","/SE/","/TI/","/LL/","/DT/","/LK/","/WS/","/TP/","/KS/","/SR/","/SK/","PJ"},0) ), ISNUMBER(SEARCH("40",D66) ) ),LEFT(RIGHT(D66,7),2), "-" ) -> - | F66: 11 Januari 2025 | G66: Permohonan Kesediaan Menjadi Pembina Upacara (Pelantikan Protokol Pratama dan Penutupan Candradimuka Tingkat Dasar Angkatan XVIII Protokol Bumi Siliwangi UPI). Tanggal 26 Januari 2025 | H66: Rektor | I66: Kinanti | J66: 17 Januari 2025 10.00 | M66: SINERGI | P66: =A66&"/UN40.SU. /2025" -> 0062/UN40.SU. /2025
A67: 0063 | B67: 16 Januari 2025 | C67: Ketua FKPP UPI | D67: 02/A/FKPP UPI/I/2025 | E67: =IF( AND( ISNUMBER( MATCH(LEFT(RIGHT(D67,8),4),{"/AK/","/BW/","/DO/","/DK/","/EP/","/HM/","/HK/","/IN/","/KI/","/AR/","/KL/","/KM/","/KP/","/DN/","/LN/","/RT/","/TU/","/KU/","/KR/","/MI/","/MK/","/OT/","/LP/","/DL/","/LT/","/PM/","/PW/","/PG/","/PP/","/MU/","/IL/","/PR/","/PI/","/PL/","/PK/","/PB/","/SP/","/SE/","/TI/","/LL/","/DT/","/LK/","/WS/","/TP/","/KS/","/SR/","/SK/","PJ"},0) ), ISNUMBER(SEARCH("40",D67) ) ),LEFT(RIGHT(D67,7),2), "-" ) -> - | F67: 9 Januari 2025 | G67: Ucapan selamat dan permohonan menjadi Penasehat FKPP UPI/IKAPEN UPI | H67: Dekan FIP | I67: Sinergi Langsung | J67: 16 Januari 2025 14.30 | M67: SINERGI | P67: =A67&"/UN40.SU. /2025" -> 0063/UN40.SU. /2025
A68: 0064 | B68: 16 Januari 2025 | C68: Ketua FKPP UPI | D68: 02/A/FKPP UPI/I/2025 | E68: =IF( AND( ISNUMBER( MATCH(LEFT(RIGHT(D68,8),4),{"/AK/","/BW/","/DO/","/DK/","/EP/","/HM/","/HK/","/IN/","/KI/","/AR/","/KL/","/KM/","/KP/","/DN/","/LN/","/RT/","/TU/","/KU/","/KR/","/MI/","/MK/","/OT/","/LP/","/DL/","/LT/","/PM/","/PW/","/PG/","/PP/","/MU/","/IL/","/PR/","/PI/","/PL/","/PK/","/PB/","/SP/","/SE/","/TI/","/LL/","/DT/","/LK/","/WS/","/TP/","/KS/","/SR/","/SK/","PJ"},0) ), ISNUMBER(SEARCH("40",D68) ) ),LEFT(RIGHT(D68,7),2), "-" ) -> - | F68: 9 Januari 2025 | G68: Ucapan selamat dan permohonan menjadi Penasehat FKPP UPI/IKAPEN UPI | H68: Dekan FPIPS | I68: Sinergi Langsung | J68: 16 Januari 2025 14.30 | M68: SINERGI | P68: =A68&"/UN40.SU. /2025" -> 0064/UN40.SU. /2025
A69: 0065 | B69: 16 Januari 2025 | C69: Ketua FKPP UPI | D69: 02/A/FKPP UPI/I/2025 | E69: =IF( AND( ISNUMBER( MATCH(LEFT(RIGHT(D69,8),4),{"/AK/","/BW/","/DO/","/DK/","/EP/","/HM/","/HK/","/IN/","/KI/","/AR/","/KL/","/KM/","/KP/","/DN/","/LN/","/RT/","/TU/","/KU/","/KR/","/MI/","/MK/","/OT/","/LP/","/DL/","/LT/","/PM/","/PW/","/PG/","/PP/","/MU/","/IL/","/PR/","/PI/","/PL/","/PK/","/PB/","/SP/","/SE/","/TI/","/LL/","/DT/","/LK/","/WS/","/TP/","/KS/","/SR/","/SK/","PJ"},0) ), ISNUMBER(SEARCH("40",D69) ) ),LEFT(RIGHT(D69,7),2), "-" ) -> - | F69: 9 Januari 2025 | G69: Ucapan selamat dan permohonan menjadi Penasehat FKPP UPI/IKAPEN UPI | H69: Dekan FPBS | I69: Sinergi Langsung | J69: 16 Januari 2025 14.30 | M69: SINERGI | P69: =A69&"/UN40.SU. /2025" -> 0065/UN40.SU. /2025
A70: 0066 | B70: 16 Januari 2025 | C70: Ketua FKPP UPI | D70: 02/A/FKPP UPI/I/2025 | E70: =IF( AND( ISNUMBER( MATCH(LEFT(RIGHT(D70,8),4),{"/AK/","/BW/","/DO/","/DK/","/EP/","/HM/","/HK/","/IN/","/KI/","/AR/","/KL/","/KM/","/KP/","/DN/","/LN/","/RT/","/TU/","/KU/","/KR/","/MI/","/MK/","/OT/","/LP/","/DL/","/LT/","/PM/","/PW/","/PG/","/PP/","/MU/","/IL/","/PR/","/PI/","/PL/","/PK/","/PB/","/SP/","/SE/","/TI/","/LL/","/DT/","/LK/","/WS/","/TP/","/KS/","/SR/","/SK/","PJ"},0) ), ISNUMBER(SEARCH("40",D70) ) ),LEFT(RIGHT(D70,7),2), "-" ) -> - | F70: 9 Januari 2025 | G70: Ucapan selamat dan permohonan menjadi Penasehat FKPP UPI/IKAPEN UPI | H70: Dekan FPMIPA | I70: Sinergi Langsung | J70: 16 Januari 2025 14.30 | M70: SINERGI | P70: =A70&"/UN40.SU. /2025" -> 0066/UN40.SU. /2025
A71: 0067 | B71: 16 Januari 2025 | C71: Ketua FKPP UPI | D71: 02/A/FKPP UPI/I/2025 | E71: =IF( AND( ISNUMBER( MATCH(LEFT(RIGHT(D71,8),4),{"/AK/","/BW/","/DO/","/DK/","/EP/","/HM/","/HK/","/IN/","/KI/","/AR/","/KL/","/KM/","/KP/","/DN/","/LN/","/RT/","/TU/","/KU/","/KR/","/MI/","/MK/","/OT/","/LP/","/DL/","/LT/","/PM/","/PW/","/PG/","/PP/","/MU/","/IL/","/PR/","/PI/","/PL/","/PK/","/PB/","/SP/","/SE/","/TI/","/LL/","/DT/","/LK/","/WS/","/TP/","/KS/","/SR/","/SK/","PJ"},0) ), ISNUMBER(SEARCH("40",D71) ) ),LEFT(RIGHT(D71,7),2), "-" ) -> - | F71: 9 Januari 2025 | G71: Ucapan selamat dan permohonan menjadi Penasehat FKPP UPI/IKAPEN UPI | H71: Dekan FPTI | I71: Sinergi Langsung | J71: 16 Januari 2025 14.30 | M71: SINERGI | P71: =A71&"/UN40.SU. /2025" -> 0067/UN40.SU. /2025
A72: 0068 | B72: 16 Januari 2025 | C72: Ketua FKPP UPI | D72: 02/A/FKPP UPI/I/2025 | E72: =IF( AND( ISNUMBER( MATCH(LEFT(RIGHT(D72,8),4),{"/AK/","/BW/","/DO/","/DK/","/EP/","/HM/","/HK/","/IN/","/KI/","/AR/","/KL/","/KM/","/KP/","/DN/","/LN/","/RT/","/TU/","/KU/","/KR/","/MI/","/MK/","/OT/","/LP/","/DL/","/LT/","/PM/","/PW/","/PG/","/PP/","/MU/","/IL/","/PR/","/PI/","/PL/","/PK/","/PB/","/SP/","/SE/","/TI/","/LL/","/DT/","/LK/","/WS/","/TP/","/KS/","/SR/","/SK/","PJ"},0) ), ISNUMBER(SEARCH("40",D72) ) ),LEFT(RIGHT(D72,7),2), "-" ) -> - | F72: 9 Januari 2025 | G72: Ucapan selamat dan permohonan menjadi Penasehat FKPP UPI/IKAPEN UPI | H72: Dekan FPOK | I72: Sinergi Langsung | J72: 16 Januari 2025 14.30 | M72: SINERGI | P72: =A72&"/UN40.SU. /2025" -> 0068/UN40.SU. /2025
A73: 0069 | B73: 16 Januari 2025 | C73: Ketua FKPP UPI | D73: 02/A/FKPP UPI/I/2025 | E73: =IF( AND( ISNUMBER( MATCH(LEFT(RIGHT(D73,8),4),{"/AK/","/BW/","/DO/","/DK/","/EP/","/HM/","/HK/","/IN/","/KI/","/AR/","/KL/","/KM/","/KP/","/DN/","/LN/","/RT/","/TU/","/KU/","/KR/","/MI/","/MK/","/OT/","/LP/","/DL/","/LT/","/PM/","/PW/","/PG/","/PP/","/MU/","/IL/","/PR/","/PI/","/PL/","/PK/","/PB/","/SP/","/SE/","/TI/","/LL/","/DT/","/LK/","/WS/","/TP/","/KS/","/SR/","/SK/","PJ"},0) ), ISNUMBER(SEARCH("40",D73) ) ),LEFT(RIGHT(D73,7),2), "-" ) -> - | F73: 9 Januari 2025 | G73: Ucapan selamat dan permohonan menjadi Penasehat FKPP UPI/IKAPEN UPI | H73: Dekan FPEB | I73: Sinergi Langsung | J73: 16 Januari 2025 14.30 | M73: SINERGI | P73: =A73&"/UN40.SU. /2025" -> 0069/UN40.SU. /2025
A74: 0070 | B74: 16 Januari 2025 | C74: Ketua FKPP UPI | D74: 02/A/FKPP UPI/I/2025 | E74: =IF( AND( ISNUMBER( MATCH(LEFT(RIGHT(D74,8),4),{"/AK/","/BW/","/DO/","/DK/","/EP/","/HM/","/HK/","/IN/","/KI/","/AR/","/KL/","/KM/","/KP/","/DN/","/LN/","/RT/","/TU/","/KU/","/KR/","/MI/","/MK/","/OT/","/LP/","/DL/","/LT/","/PM/","/PW/","/PG/","/PP/","/MU/","/IL/","/PR/","/PI/","/PL/","/PK/","/PB/","/SP/","/SE/","/TI/","/LL/","/DT/","/LK/","/WS/","/TP/","/KS/","/SR/","/SK/","PJ"},0) ), ISNUMBER(SEARCH("40",D74) ) ),LEFT(RIGHT(D74,7),2), "-" ) -> - | F74: 9 Januari 2025 | G74: Ucapan selamat dan permohonan menjadi Penasehat FKPP UPI/IKAPEN UPI | H74: Dekan FK | I74: Sinergi Langsung | J74: 16 Januari 2025 14.30 | M74: SINERGI | P74: =A74&"/UN40.SU. /2025" -> 0070/UN40.SU. /2025
... A76: 0072 | B76: 16 Januari 2025 | C76: Ketua FKPP UPI | D76: 02/A/FKPP UPI/I/2025 | E76: =IF( AND( ISNUMBER( MATCH(LEFT(RIGHT(D76,8),4),{"/AK/","/BW/","/DO/","/DK/","/EP/","/HM/","/HK/","/IN/","/KI/","/AR/","/KL/","/KM/","/KP/","/DN/","/LN/","/RT/","/TU/","/KU/","/KR/","/MI/","/MK/","/OT/","/LP/","/DL/","/LT/","/PM/","/PW/","/PG/","/PP/","/MU/","/IL/","/PR/","/PI/","/PL/","/PK/","/PB/","/SP/","/SE/","/TI/","/LL/","/DT/","/LK/","/WS/","/TP/","/KS/","/SR/","/SK/","PJ"},0) ), ISNUMBER(SEARCH("40",D76) ) ),LEFT(RIGHT(D76,7),2), "-" ) -> - | F76: 9 Januari 2025 | G76: Ucapan selamat dan permohonan menjadi Penasehat FKPP UPI/IKAPEN UPI | H76: Direktur SPs | I76: Sinergi Langsung | J76: 16 Januari 2025 14.30 | M76: SINERGI | P76: =A76&"/UN40.SU. /2025" -> 0072/UN40.SU. /2025
A77: 0073 | B77: 17 Januari 2025 | C77: Kepala Biro Perencanaan Kemendikbudristek | D77: 0966/A1/PR.04.03/2025 | E77: =IF( AND( ISNUMBER( MATCH(LEFT(RIGHT(D77,8),4),{"/AK/","/BW/","/DO/","/DK/","/EP/","/HM/","/HK/","/IN/","/KI/","/AR/","/KL/","/KM/","/KP/","/DN/","/LN/","/RT/","/TU/","/KU/","/KR/","/MI/","/MK/","/OT/","/LP/","/DL/","/LT/","/PM/","/PW/","/PG/","/PP/","/MU/","/IL/","/PR/","/PI/","/PL/","/PK/","/PB/","/SP/","/SE/","/TI/","/LL/","/DT/","/LK/","/WS/","/TP/","/KS/","/SR/","/SK/","PJ"},0) ), ISNUMBER(SEARCH("40",D77) ) ),LEFT(RIGHT(D77,7),2), "-" ) -> - | F77: 16 Januari 2025 | G77: Pemberitahuan Penyampaian Laporan Kinerja Tahun 2024 | H77: Rektor | I77: Sinergi Langsung | J77: 17 Januari 2025 10.00 | M77: SINERGI | N77: SINDE | P77: =A77&"/UN40.SU. /2025" -> 0073/UN40.SU. /2025
A78: 0074 | B78: 17 Januari 2025 | C78: OSIS MAN 1 Surakarta | D78: 001/CX/OSMAN.1SKA/I/2025 | E78: =IF( AND( ISNUMBER( MATCH(LEFT(RIGHT(D78,8),4),{"/AK/","/BW/","/DO/","/DK/","/EP/","/HM/","/HK/","/IN/","/KI/","/AR/","/KL/","/KM/","/KP/","/DN/","/LN/","/RT/","/TU/","/KU/","/KR/","/MI/","/MK/","/OT/","/LP/","/DL/","/LT/","/PM/","/PW/","/PG/","/PP/","/MU/","/IL/","/PR/","/PI/","/PL/","/PK/","/PB/","/SP/","/SE/","/TI/","/LL/","/DT/","/LK/","/WS/","/TP/","/KS/","/SR/","/SK/","PJ"},0) ), ISNUMBER(SEARCH("40",D78) ) ),LEFT(RIGHT(D78,7),2), "-" ) -> - | F78: 1 Januari 2025 | G78: Permohonan untuk Mengikuti Kegiatan Campus Expo 2025 | H78: Rektor | I78: Sinergi Langsung | J78: 17 Januari 2025 10.00 | M78: SINERGI | N78: EMAIL | P78: =A78&"/UN40.SU. /2025" -> 0074/UN40.SU. /2025
A79: 0075 | B79: 17 Januari 2025 | C79: Universitas Siliwangi | D79: 59/UN58/LL/2025 | E79: =IF( AND( ISNUMBER( MATCH(LEFT(RIGHT(D79,8),4),{"/AK/","/BW/","/DO/","/DK/","/EP/","/HM/","/HK/","/IN/","/KI/","/AR/","/KL/","/KM/","/KP/","/DN/","/LN/","/RT/","/TU/","/KU/","/KR/","/MI/","/MK/","/OT/","/LP/","/DL/","/LT/","/PM/","/PW/","/PG/","/PP/","/MU/","/IL/","/PR/","/PI/","/PL/","/PK/","/PB/","/SP/","/SE/","/TI/","/LL/","/DT/","/LK/","/WS/","/TP/","/KS/","/SR/","/SK/","PJ"},0) ), ISNUMBER(SEARCH("40",D79) ) ),LEFT(RIGHT(D79,7),2), "-" ) -> - | F79: 13 Januari 2025 | G79: Permohonan Video dan Flayer Pengukuhan Guru Besar Universitas Siliwangi | H79: Rektor | I79: Sinergi Langsung | J79: 17 Januari 2025 10.00 | M79: SINERGI | N79: EMAIL | P79: =A79&"/UN40.SU. /2025" -> 0075/UN40.SU. /2025
A80: 0076 | B80: 17 Januari 2025 | C80: PT. Duniatex | D80: - | E80: =IF( AND( ISNUMBER( MATCH(LEFT(RIGHT(D80,8),4),{"/AK/","/BW/","/DO/","/DK/","/EP/","/HM/","/HK/","/IN/","/KI/","/AR/","/KL/","/KM/","/KP/","/DN/","/LN/","/RT/","/TU/","/KU/","/KR/","/MI/","/MK/","/OT/","/LP/","/DL/","/LT/","/PM/","/PW/","/PG/","/PP/","/MU/","/IL/","/PR/","/PI/","/PL/","/PK/","/PB/","/SP/","/SE/","/TI/","/LL/","/DT/","/LK/","/WS/","/TP/","/KS/","/SR/","/SK/","PJ"},0) ), ISNUMBER(SEARCH("40",D80) ) ),LEFT(RIGHT(D80,7),2), "-" ) -> - | F80: 16 Januari 2025 | G80: Penawaran Kerjasama | H80: Rektor | I80: Sinergi Langsung | J80: 17 Januari 2025 10.00 | M80: SINERGI | N80: EMAIL | P80: =A80&"/UN40.SU. /2025" -> 0076/UN40.SU. /2025
A81: 0077 | B81: 17 Januari 2025 | C81: Universitas Sumatera Utara | D81: 992/UN5.1.R3/KM.05.03/2025 | E81: =IF( AND( ISNUMBER( MATCH(LEFT(RIGHT(D81,8),4),{"/AK/","/BW/","/DO/","/DK/","/EP/","/HM/","/HK/","/IN/","/KI/","/AR/","/KL/","/KM/","/KP/","/DN/","/LN/","/RT/","/TU/","/KU/","/KR/","/MI/","/MK/","/OT/","/LP/","/DL/","/LT/","/PM/","/PW/","/PG/","/PP/","/MU/","/IL/","/PR/","/PI/","/PL/","/PK/","/PB/","/SP/","/SE/","/TI/","/LL/","/DT/","/LK/","/WS/","/TP/","/KS/","/SR/","/SK/","PJ"},0) ), ISNUMBER(SEARCH("40",D81) ) ),LEFT(RIGHT(D81,7),2), "-" ) -> - | F81: 14 Januari 2025 | G81: Undangan International Circular Economy Pitch Competition 2025 | H81: Rektor | I81: Sinergi Langsung | J81: 17 Januari 2025 10.00 | M81: SINERGI | N81: EMAIL | P81: =A81&"/UN40.SU. /2025" -> 0077/UN40.SU. /2025
A82: 0078 | B82: 17 Januari 2025 | C82: Direktorat Pendidikan Tinggi dan Ilmu Pengetahuan dan Teknologi | D82: B-00871 /Dt.5.3/PA.04.06/01/2025 | E82: =IF( AND( ISNUMBER( MATCH(LEFT(RIGHT(D82,8),4),{"/AK/","/BW/","/DO/","/DK/","/EP/","/HM/","/HK/","/IN/","/KI/","/AR/","/KL/","/KM/","/KP/","/DN/","/LN/","/RT/","/TU/","/KU/","/KR/","/MI/","/MK/","/OT/","/LP/","/DL/","/LT/","/PM/","/PW/","/PG/","/PP/","/MU/","/IL/","/PR/","/PI/","/PL/","/PK/","/PB/","/SP/","/SE/","/TI/","/LL/","/DT/","/LK/","/WS/","/TP/","/KS/","/SR/","/SK/","PJ"},0) ), ISNUMBER(SEARCH("40",D82) ) ),LEFT(RIGHT(D82,7),2), "-" ) -> - | F82: 17 Januari 2025 | G82: Permohonan Partisipasi sebagai Responden Penelitian Kebijakan Pendidikan Tinggi | H82: Rektor | I82: Sinergi Langsung | J82: 17 Januari 2025 10.00 | M82: SINERGI | N82: EMAIL | P82: =A82&"/UN40.SU. /2025" -> 0078/UN40.SU. /2025
A83: 0079 | B83: 17 Januari 2025 | C83: Kepala Pusat Studi Transportasi dan Logistik Universitas Gadjah Mada | D83: 18/UN1/PUSTRAL/DL/2024 | E83: =IF( AND( ISNUMBER( MATCH(LEFT(RIGHT(D83,8),4),{"/AK/","/BW/","/DO/","/DK/","/EP/","/HM/","/HK/","/IN/","/KI/","/AR/","/KL/","/KM/","/KP/","/DN/","/LN/","/RT/","/TU/","/KU/","/KR/","/MI/","/MK/","/OT/","/LP/","/DL/","/LT/","/PM/","/PW/","/PG/","/PP/","/MU/","/IL/","/PR/","/PI/","/PL/","/PK/","/PB/","/SP/","/SE/","/TI/","/LL/","/DT/","/LK/","/WS/","/TP/","/KS/","/SR/","/SK/","PJ"},0) ), ISNUMBER(SEARCH("40",D83) ) ),LEFT(RIGHT(D83,7),2), "-" ) -> - | F83: 17 Januari 2025 | G83: Surat Penawaran dan Brosur Pelatihan Pusat Studi Transportasi dan Logistik, Pustral, UGM | H83: Rektor | I83: Sinergi Langsung | J83: 17 Januari 2025 13.00 | M83: SINERGI | N83: EMAIL | P83: =A83&"/UN40.SU. /2025" -> 0079/UN40.SU. /2025
A84: 0080 | B84: 17 Januari 2025 | C84: Kedutaan Besar Republik Indonesia di Yangon | D84: B-00017/Yangon/250117 | E84: =IF( AND( ISNUMBER( MATCH(LEFT(RIGHT(D84,8),4),{"/AK/","/BW/","/DO/","/DK/","/EP/","/HM/","/HK/","/IN/","/KI/","/AR/","/KL/","/KM/","/KP/","/DN/","/LN/","/RT/","/TU/","/KU/","/KR/","/MI/","/MK/","/OT/","/LP/","/DL/","/LT/","/PM/","/PW/","/PG/","/PP/","/MU/","/IL/","/PR/","/PI/","/PL/","/PK/","/PB/","/SP/","/SE/","/TI/","/LL/","/DT/","/LK/","/WS/","/TP/","/KS/","/SR/","/SK/","PJ"},0) ), ISNUMBER(SEARCH("40",D84) ) ),LEFT(RIGHT(D84,7),2), "-" ) -> - | F84: 9 Januari 2025 | G84: Laporan Kegiatan International Conference on Applied Research in Education (ICARE) 2025 di Nay Pyi Taw, Myanmar, 9-10 Januari 2025 | H84: Rektor | I84: Sinergi Langsung | J84: 17 Januari 2025 13.00 | M84: SINERGI | N84: EMAIL | P84: =A84&"/UN40.SU. /2025" -> 0080/UN40.SU. /2025
A85: 0081 | B85: 17 Januari 2025 | C85: UKM Studio 229 | D85: 03.005/UKM-STUDIO229/XII/2025 | E85: =IF( AND( ISNUMBER( MATCH(LEFT(RIGHT(D85,8),4),{"/AK/","/BW/","/DO/","/DK/","/EP/","/HM/","/HK/","/IN/","/KI/","/AR/","/KL/","/KM/","/KP/","/DN/","/LN/","/RT/","/TU/","/KU/","/KR/","/MI/","/MK/","/OT/","/LP/","/DL/","/LT/","/PM/","/PW/","/PG/","/PP/","/MU/","/IL/","/PR/","/PI/","/PL/","/PK/","/PB/","/SP/","/SE/","/TI/","/LL/","/DT/","/LK/","/WS/","/TP/","/KS/","/SR/","/SK/","PJ"},0) ), ISNUMBER(SEARCH("40",D85) ) ),LEFT(RIGHT(D85,7),2), "-" ) -> - | F85: - | G85: Permohonan Bantuan Dana Residensi HIMASRA x STUDIO 229 | H85: WR PK | I85: Esti | J85: 20 Januari 2025 10.00 | M85: SINERGI | P85: =A85&"/UN40.SU. /2025" -> 0081/UN40.SU. /2025
A86: 0082 | B86: 17 Januari 2025 | C86: Hima Sosiologi | D86: 69/BEM.HMPS/DMB/Pan.SFCxSEF/SPm/I/2025 | E86: =IF( AND( ISNUMBER( MATCH(LEFT(RIGHT(D86,8),4),{"/AK/","/BW/","/DO/","/DK/","/EP/","/HM/","/HK/","/IN/","/KI/","/AR/","/KL/","/KM/","/KP/","/DN/","/LN/","/RT/","/TU/","/KU/","/KR/","/MI/","/MK/","/OT/","/LP/","/DL/","/LT/","/PM/","/PW/","/PG/","/PP/","/MU/","/IL/","/PR/","/PI/","/PL/","/PK/","/PB/","/SP/","/SE/","/TI/","/LL/","/DT/","/LK/","/WS/","/TP/","/KS/","/SR/","/SK/","PJ"},0) ), ISNUMBER(SEARCH("40",D86) ) ),LEFT(RIGHT(D86,7),2), "-" ) -> - | F86: 17 Januari 2025 | G86: Permohonan Peminjaman Tempat Amphiteater dan Gymnasium untuk Kegiatan SPORTSTALGIA (SFC X SEF 2025) | H86: WR KSPSDM | I86: Firman | J86: 20 Januari 2025 10.00 | M86: SINERGI | P86: =A86&"/UN40.SU. /2025" -> 0082/UN40.SU. /2025
A87: 0083 | B87: 17 Januari 2025 | C87: Tjitjik Srie Tjahjandarie | D87: - | E87: =IF( AND( ISNUMBER( MATCH(LEFT(RIGHT(D87,8),4),{"/AK/","/BW/","/DO/","/DK/","/EP/","/HM/","/HK/","/IN/","/KI/","/AR/","/KL/","/KM/","/KP/","/DN/","/LN/","/RT/","/TU/","/KU/","/KR/","/MI/","/MK/","/OT/","/LP/","/DL/","/LT/","/PM/","/PW/","/PG/","/PP/","/MU/","/IL/","/PR/","/PI/","/PL/","/PK/","/PB/","/SP/","/SE/","/TI/","/LL/","/DT/","/LK/","/WS/","/TP/","/KS/","/SR/","/SK/","PJ"},0) ), ISNUMBER(SEARCH("40",D87) ) ),LEFT(RIGHT(D87,7),2), "-" ) -> - | F87: - | G87: Memorandum Akhir Jabatan Plt. Sekretaris Ditjen Dikti Ristek a.n. Tjitjik Srie Tjahjandarie | H87: WR KSPSDM | I87: Firman | J87: 20 Januari 2025 10.00 | M87: SINERGI | P87: =A87&"/UN40.SU. /2025" -> 0083/UN40.SU. /2025
A88: 0084 | B88: 17 Januari 2025 | C88: Tjitjik Srie Tjahjandarie | D88: - | E88: =IF( AND( ISNUMBER( MATCH(LEFT(RIGHT(D88,8),4),{"/AK/","/BW/","/DO/","/DK/","/EP/","/HM/","/HK/","/IN/","/KI/","/AR/","/KL/","/KM/","/KP/","/DN/","/LN/","/RT/","/TU/","/KU/","/KR/","/MI/","/MK/","/OT/","/LP/","/DL/","/LT/","/PM/","/PW/","/PG/","/PP/","/MU/","/IL/","/PR/","/PI/","/PL/","/PK/","/PB/","/SP/","/SE/","/TI/","/LL/","/DT/","/LK/","/WS/","/TP/","/KS/","/SR/","/SK/","PJ"},0) ), ISNUMBER(SEARCH("40",D88) ) ),LEFT(RIGHT(D88,7),2), "-" ) -> - | F88: - | G88: Memorandum Akhir Jabatan Plt. Sekretaris Ditjen Dikti Ristek a.n. Tjitjik Srie Tjahjandarie | H88: Rektor | I88: Kinanti | J88: 20 Januari 2025 10.00 | M88: SINERGI | P88: =A88&"/UN40.SU. /2025" -> 0084/UN40.SU. /2025
A89: 0085 | B89: 17 Januari 2025 | C89: Kementrian Keuangan Republik Indonesia Direktorat Jenderal Pembendaharaan | D89: S-6/PB.1/2025 | E89: =IF( AND( ISNUMBER( MATCH(LEFT(RIGHT(D89,8),4),{"/AK/","/BW/","/DO/","/DK/","/EP/","/HM/","/HK/","/IN/","/KI/","/AR/","/KL/","/KM/","/KP/","/DN/","/LN/","/RT/","/TU/","/KU/","/KR/","/MI/","/MK/","/OT/","/LP/","/DL/","/LT/","/PM/","/PW/","/PG/","/PP/","/MU/","/IL/","/PR/","/PI/","/PL/","/PK/","/PB/","/SP/","/SE/","/TI/","/LL/","/DT/","/LK/","/WS/","/TP/","/KS/","/SR/","/SK/","PJ"},0) ), ISNUMBER(SEARCH("40",D89) ) ),LEFT(RIGHT(D89,7),2), "-" ) -> - | F89: 6 Januari 2025 | G89: Penyampaian Majalah Treasury Indonesia Volume 3 Tahun 2024 | H89: Rektor | I89: Kinanti | J89: 20 Januari 2025 10.00 | M89: SINERGI | P89: =A89&"/UN40.SU. /2025" -> 0085/UN40.SU. /2025
A90: 0086 | B90: 17 Januari 2025 | C90: PT Ollanda Ridho Promosindo | D90: 011 / PT - ORP / I / 2025 | E90: =IF( AND( ISNUMBER( MATCH(LEFT(RIGHT(D90,8),4),{"/AK/","/BW/","/DO/","/DK/","/EP/","/HM/","/HK/","/IN/","/KI/","/AR/","/KL/","/KM/","/KP/","/DN/","/LN/","/RT/","/TU/","/KU/","/KR/","/MI/","/MK/","/OT/","/LP/","/DL/","/LT/","/PM/","/PW/","/PG/","/PP/","/MU/","/IL/","/PR/","/PI/","/PL/","/PK/","/PB/","/SP/","/SE/","/TI/","/LL/","/DT/","/LK/","/WS/","/TP/","/KS/","/SR/","/SK/","PJ"},0) ), ISNUMBER(SEARCH("40",D90) ) ),LEFT(RIGHT(D90,7),2), "-" ) -> - | F90: 7 Januari 2025 | G90: Penawaran Pemasangan Spanduk Di JPO Tol Menyambut Libur Idul Fitri 2025 | H90: Rektor | I90: Kinanti | J90: 20 Januari 2025 10.00 | M90: SINERGI | P90: =A90&"/UN40.SU. /2025" -> 0086/UN40.SU. /2025
A91: 0087 | B91: 17 Januari 2025 | C91: UKM Protokol Bumi Siliwangi | D91: 22.21/950-PROBUMSIL/I-V/2025 | E91: =IF( AND( ISNUMBER( MATCH(LEFT(RIGHT(D91,8),4),{"/AK/","/BW/","/DO/","/DK/","/EP/","/HM/","/HK/","/IN/","/KI/","/AR/","/KL/","/KM/","/KP/","/DN/","/LN/","/RT/","/TU/","/KU/","/KR/","/MI/","/MK/","/OT/","/LP/","/DL/","/LT/","/PM/","/PW/","/PG/","/PP/","/MU/","/IL/","/PR/","/PI/","/PL/","/PK/","/PB/","/SP/","/SE/","/TI/","/LL/","/DT/","/LK/","/WS/","/TP/","/KS/","/SR/","/SK/","PJ"},0) ), ISNUMBER(SEARCH("40",D91) ) ),LEFT(RIGHT(D91,7),2), "-" ) -> - | F91: 17 Januari 2025 | G91: Permohonan Peminjaman Barang untuk Kegiatan Rangkaian Acara: Candradimuka Ringkat Dasar Calon Anggota Protokol Bumi Siliwangi UPI Angkatan XVIII. Tanggal 20-22 Januari 2025 | H91: Kepala KBUK | I91: Adit | J91: 20 Januari 2025 10.00 | M91: SINERGI | P91: =A91&"/UN40.SU. /2025" -> 0087/UN40.SU. /2025
A92: 0088 | B92: 20 Januari 2025 | C92: UKM Mahacita | D92: 99/B/SPm/DIKLATSARXLIV/MC/UN.40/I/2025 | E92: =IF( AND( ISNUMBER( MATCH(LEFT(RIGHT(D92,8),4),{"/AK/","/BW/","/DO/","/DK/","/EP/","/HM/","/HK/","/IN/","/KI/","/AR/","/KL/","/KM/","/KP/","/DN/","/LN/","/RT/","/TU/","/KU/","/KR/","/MI/","/MK/","/OT/","/LP/","/DL/","/LT/","/PM/","/PW/","/PG/","/PP/","/MU/","/IL/","/PR/","/PI/","/PL/","/PK/","/PB/","/SP/","/SE/","/TI/","/LL/","/DT/","/LK/","/WS/","/TP/","/KS/","/SR/","/SK/","PJ"},0) ), ISNUMBER(SEARCH("40",D92) ) ),LEFT(RIGHT(D92,7),2), "-" ) -> - | F92: 13 Januari 2025 | G92: Permohonan Bantuan Dana Pendidikan dan Latihan Dasar XLIV Mahacita UPI | H92: WR PK | I92: Tito | J92: 22 Januari 2025 10.00 | M92: SINERGI | P92: =A92&"/UN40.SU. /2025" -> 0088/UN40.SU. /2025
A93: 0089 | B93: 20 Januari 2025 | C93: Komando Resimen Mahasiswa Mahawarman Batalyon XI/UPI | D93: B/007/DIKLATSARMIL/I/2025 | E93: =IF( AND( ISNUMBER( MATCH(LEFT(RIGHT(D93,8),4),{"/AK/","/BW/","/DO/","/DK/","/EP/","/HM/","/HK/","/IN/","/KI/","/AR/","/KL/","/KM/","/KP/","/DN/","/LN/","/RT/","/TU/","/KU/","/KR/","/MI/","/MK/","/OT/","/LP/","/DL/","/LT/","/PM/","/PW/","/PG/","/PP/","/MU/","/IL/","/PR/","/PI/","/PL/","/PK/","/PB/","/SP/","/SE/","/TI/","/LL/","/DT/","/LK/","/WS/","/TP/","/KS/","/SR/","/SK/","PJ"},0) ), ISNUMBER(SEARCH("40",D93) ) ),LEFT(RIGHT(D93,7),2), "-" ) -> - | F93: 20 Januari 2025 | G93: Undangan Penutupan Pendidikan dan Latihan Dasar Militer Resimen Mahasiswa Mahawarman Batalyon XI UPI. Tanggal 26 Januari 2025 | H93: Rektor | I93: Kinanti | J93: 22 Januari 2025 10.00 | M93: SINERGI | P93: =A93&"/UN40.SU. /2025" -> 0089/UN40.SU. /2025
A94: 0090 | B94: 20 Januari 2025 | C94: Komando Resimen Mahasiswa Mahawarman Batalyon XI/UPI | D94: B/009/DIKLATSARMIL/I/2025 | E94: =IF( AND( ISNUMBER( MATCH(LEFT(RIGHT(D94,8),4),{"/AK/","/BW/","/DO/","/DK/","/EP/","/HM/","/HK/","/IN/","/KI/","/AR/","/KL/","/KM/","/KP/","/DN/","/LN/","/RT/","/TU/","/KU/","/KR/","/MI/","/MK/","/OT/","/LP/","/DL/","/LT/","/PM/","/PW/","/PG/","/PP/","/MU/","/IL/","/PR/","/PI/","/PL/","/PK/","/PB/","/SP/","/SE/","/TI/","/LL/","/DT/","/LK/","/WS/","/TP/","/KS/","/SR/","/SK/","PJ"},0) ), ISNUMBER(SEARCH("40",D94) ) ),LEFT(RIGHT(D94,7),2), "-" ) -> - | F94: 20 Januari 2025 | G94: Permohonan Menjadi Pemateri Mengenai "Peran Menwa di Kampus" pada Kegiatan Pendidikan dan Latihan Dasar Militer Resimen Mahasiswa Mahawarman Batalyon XI UPI. Tanggal 25 Januari 2025 | H94: Rektor | I94: Kinanti | J94: 22 Januari 2025 10.00 | M94: SINERGI | P94: =A94&"/UN40.SU. /2025" -> 0090/UN40.SU. /2025
A95: 0091 | B95: 20 Januari 2025 | C95: University of Darussalam Gontor (UNIDA) | D95: 3122/UNIDA/R-n/VII/1446 | E95: =IF( AND( ISNUMBER( MATCH(LEFT(RIGHT(D95,8),4),{"/AK/","/BW/","/DO/","/DK/","/EP/","/HM/","/HK/","/IN/","/KI/","/AR/","/KL/","/KM/","/KP/","/DN/","/LN/","/RT/","/TU/","/KU/","/KR/","/MI/","/MK/","/OT/","/LP/","/DL/","/LT/","/PM/","/PW/","/PG/","/PP/","/MU/","/IL/","/PR/","/PI/","/PL/","/PK/","/PB/","/SP/","/SE/","/TI/","/LL/","/DT/","/LK/","/WS/","/TP/","/KS/","/SR/","/SK/","PJ"},0) ), ISNUMBER(SEARCH("40",D95) ) ),LEFT(RIGHT(D95,7),2), "-" ) -> - | F95: 5 Januari 2025 | G95: Pengiriman Kalender 2025 (Kalender Terlampir) | H95: Rektor | I95: Kinanti | J95: 22 Januari 2025 10.00 | M95: SINERGI | P95: =A95&"/UN40.SU. /2025" -> 0091/UN40.SU. /2025
A96: 0092 | B96: 21 Januari 2025 | C96: Kepala Perwakilan Bank Indonesia Provinsi Jawa Barat | D96: 27/54/Bd/Srt/B | E96: =IF( AND( ISNUMBER( MATCH(LEFT(RIGHT(D96,8),4),{"/AK/","/BW/","/DO/","/DK/","/EP/","/HM/","/HK/","/IN/","/KI/","/AR/","/KL/","/KM/","/KP/","/DN/","/LN/","/RT/","/TU/","/KU/","/KR/","/MI/","/MK/","/OT/","/LP/","/DL/","/LT/","/PM/","/PW/","/PG/","/PP/","/MU/","/IL/","/PR/","/PI/","/PL/","/PK/","/PB/","/SP/","/SE/","/TI/","/LL/","/DT/","/LK/","/WS/","/TP/","/KS/","/SR/","/SK/","PJ"},0) ), ISNUMBER(SEARCH("40",D96) ) ),LEFT(RIGHT(D96,7),2), "-" ) -> - | F96: 16 Januari 2025 | G96: Undangan Peluncuran Laporan Perekonomian Indonesia (LPI) Tahun 2024. Tanggal 22 Januari 2025 | H96: Rektor | I96: Kinanti | J96: 22 Januari 2025 10.00 | M96: SINERGI | P96: =A96&"/UN40.SU. /2025" -> 0092/UN40.SU. /2025
... A98: 0094 | B98: 21 Januari 2025 | C98: PT.Indobuana Autoraya | D98: 012/Mkt-IBR/01/2025 | E98: =IF( AND( ISNUMBER( MATCH(LEFT(RIGHT(D98,8),4),{"/AK/","/BW/","/DO/","/DK/","/EP/","/HM/","/HK/","/IN/","/KI/","/AR/","/KL/","/KM/","/KP/","/DN/","/LN/","/RT/","/TU/","/KU/","/KR/","/MI/","/MK/","/OT/","/LP/","/DL/","/LT/","/PM/","/PW/","/PG/","/PP/","/MU/","/IL/","/PR/","/PI/","/PL/","/PK/","/PB/","/SP/","/SE/","/TI/","/LL/","/DT/","/LK/","/WS/","/TP/","/KS/","/SR/","/SK/","PJ"},0) ), ISNUMBER(SEARCH("40",D98) ) ),LEFT(RIGHT(D98,7),2), "-" ) -> - | F98: 21 Januari 2025 | G98: Pengajuan Open Table Motor Lisrik Indomobil Emotor | H98: Rektor | I98: Kinanti | J98: 22 Januari 2025 10.00 | M98: SINERGI | P98: =A98&"/UN40.SU. /2025" -> 0094/UN40.SU. /2025
A99: 0095 | B99: 21 Januari 2025 | C99: Education Malaysia Indonesia (EMI), Embassy of Malaysia, Jakarta | D99: KPT.EMI/100/10 (57) | E99: =IF( AND( ISNUMBER( MATCH(LEFT(RIGHT(D99,8),4),{"/AK/","/BW/","/DO/","/DK/","/EP/","/HM/","/HK/","/IN/","/KI/","/AR/","/KL/","/KM/","/KP/","/DN/","/LN/","/RT/","/TU/","/KU/","/KR/","/MI/","/MK/","/OT/","/LP/","/DL/","/LT/","/PM/","/PW/","/PG/","/PP/","/MU/","/IL/","/PR/","/PI/","/PL/","/PK/","/PB/","/SP/","/SE/","/TI/","/LL/","/DT/","/LK/","/WS/","/TP/","/KS/","/SR/","/SK/","PJ"},0) ), ISNUMBER(SEARCH("40",D99) ) ),LEFT(RIGHT(D99,7),2), "-" ) -> - | F99: 14 Januari 2025 | G99: Request to Extgend Invitation to Universities in Indonesia to Participate I The ASEAN Universities Exhibition & Forum (AEF2025), Kuala Lumpur Malaysia | H99: WR RUKS | I99: Sinergi Langsung | J99: 17 Januari 2025 16.00 | M99: SINERGI | N99: EMAIL | P99: =A99&"/UN40.SU. /2025" -> 0095/UN40.SU. /2025
A100: 0096 | B100: 21 Januari 2025 | C100: Tashkent State Universitv of Economics | D100: - | E100: =IF( AND( ISNUMBER( MATCH(LEFT(RIGHT(D100,8),4),{"/AK/","/BW/","/DO/","/DK/","/EP/","/HM/","/HK/","/IN/","/KI/","/AR/","/KL/","/KM/","/KP/","/DN/","/LN/","/RT/","/TU/","/KU/","/KR/","/MI/","/MK/","/OT/","/LP/","/DL/","/LT/","/PM/","/PW/","/PG/","/PP/","/MU/","/IL/","/PR/","/PI/","/PL/","/PK/","/PB/","/SP/","/SE/","/TI/","/LL/","/DT/","/LK/","/WS/","/TP/","/KS/","/SR/","/SK/","PJ"},0) ), ISNUMBER(SEARCH("40",D100) ) ),LEFT(RIGHT(D100,7),2), "-" ) -> - | F100: - | G100: Official Visit to Universitas Pendidikan Indonesia from January 21 to January 30, 2025. | H100: Rektor | I100: Sinergi Langsung | J100: 20 Januari 2025 09.00 | M100: SINERGI | N100: EMAIL | P100: =A100&"/UN40.SU. /2025" -> 0096/UN40.SU. /2025
A101: 0097 | B101: 21 Januari 2025 | C101: Universitas Informatika dan Bisnis Indonesia | D101: 015/UNIBI/KP.00/IU/2025 | E101: =IF( AND( ISNUMBER( MATCH(LEFT(RIGHT(D101,8),4),{"/AK/","/BW/","/DO/","/DK/","/EP/","/HM/","/HK/","/IN/","/KI/","/AR/","/KL/","/KM/","/KP/","/DN/","/LN/","/RT/","/TU/","/KU/","/KR/","/MI/","/MK/","/OT/","/LP/","/DL/","/LT/","/PM/","/PW/","/PG/","/PP/","/MU/","/IL/","/PR/","/PI/","/PL/","/PK/","/PB/","/SP/","/SE/","/TI/","/LL/","/DT/","/LK/","/WS/","/TP/","/KS/","/SR/","/SK/","PJ"},0) ), ISNUMBER(SEARCH("40",D101) ) ),LEFT(RIGHT(D101,7),2), "-" ) -> - | F101: 20 Januari 2025 | G101: Surat Permohonan Asesor BKD Semester Ganjil Tahun Akademik 2024/2025 | H101: Rektor | I101: Sinergi Langsung | J101: 20 Januari 2025 16.00 | M101: SINERGI | N101: EMAIL | P101: =A101&"/UN40.SU. /2025" -> 0097/UN40.SU. /2025
A102: 0098 | B102: 21 Januari 2025 | C102: MWA Universitas Negeri Yogyakarta (UNY) | D102: - | E102: =IF( AND( ISNUMBER( MATCH(LEFT(RIGHT(D102,8),4),{"/AK/","/BW/","/DO/","/DK/","/EP/","/HM/","/HK/","/IN/","/KI/","/AR/","/KL/","/KM/","/KP/","/DN/","/LN/","/RT/","/TU/","/KU/","/KR/","/MI/","/MK/","/OT/","/LP/","/DL/","/LT/","/PM/","/PW/","/PG/","/PP/","/MU/","/IL/","/PR/","/PI/","/PL/","/PK/","/PB/","/SP/","/SE/","/TI/","/LL/","/DT/","/LK/","/WS/","/TP/","/KS/","/SR/","/SK/","PJ"},0) ), ISNUMBER(SEARCH("40",D102) ) ),LEFT(RIGHT(D102,7),2), "-" ) -> - | F102: 13 Januari 2025 | G102: Undangan Pelantikan Rektor Universitas Negeri Yogyakarta (UNY) Periode Tahun 2025-2030. Tanggal 24 Januari 2025 di Auditorium UNY | H102: Rektor | I102: Sinergi Langsung | J102: 21 Januari 2025 08.30 | M102: SINERGI | N102: WA | O102: Pa Budi | P102: =A102&"/UN40.SU. /2025" -> 0098/UN40.SU. /2025
A103: 0099 | B103: 21 Januari 2025 | C103: SMP Negeri 12 Kota Bandung | D103: TU.01.02/012/SMPN.12/I/2025 | E103: =IF( AND( ISNUMBER( MATCH(LEFT(RIGHT(D103,8),4),{"/AK/","/BW/","/DO/","/DK/","/EP/","/HM/","/HK/","/IN/","/KI/","/AR/","/KL/","/KM/","/KP/","/DN/","/LN/","/RT/","/TU/","/KU/","/KR/","/MI/","/MK/","/OT/","/LP/","/DL/","/LT/","/PM/","/PW/","/PG/","/PP/","/MU/","/IL/","/PR/","/PI/","/PL/","/PK/","/PB/","/SP/","/SE/","/TI/","/LL/","/DT/","/LK/","/WS/","/TP/","/KS/","/SR/","/SK/","PJ"},0) ), ISNUMBER(SEARCH("40",D103) ) ),LEFT(RIGHT(D103,7),2), "-" ) -> - | F103: 13 Januari 2025 | G103: Permohonan Izin Peminjaman Tempat untuk pembuatan film pendek bermuatan pesan moral | H103: WR KSPSDM | I103: Sinergi Langsung | J103: 21 Januari 2025 08.30 | M103: SINERGI | N103: WA | O103: Hotline | P103: =A103&"/UN40.SU. /2025" -> 0099/UN40.SU. /2025
A104: 0100 | B104: 22 Januari 2025 | C104: Universitas Khairun | D104: 0004/UN44/KP.05.02/2025 | E104: =IF( AND( ISNUMBER( MATCH(LEFT(RIGHT(D104,8),4),{"/AK/","/BW/","/DO/","/DK/","/EP/","/HM/","/HK/","/IN/","/KI/","/AR/","/KL/","/KM/","/KP/","/DN/","/LN/","/RT/","/TU/","/KU/","/KR/","/MI/","/MK/","/OT/","/LP/","/DL/","/LT/","/PM/","/PW/","/PG/","/PP/","/MU/","/IL/","/PR/","/PI/","/PL/","/PK/","/PB/","/SP/","/SE/","/TI/","/LL/","/DT/","/LK/","/WS/","/TP/","/KS/","/SR/","/SK/","PJ"},0) ), ISNUMBER(SEARCH("40",D104) ) ),LEFT(RIGHT(D104,7),2), "-" ) -> - | F104: 21 Januari 2025 | G104: Pengumuman Pendaftaran Bakal Calon Rektor Universitas Khairun Periode 2025-2029 | H104: Rektor | I104: Sinergi Langsung | J104: 21 Januari 2025 16.30 | M104: SINERGI | N104: SINDE | P104: =A104&"/UN40.SU. /2025" -> 0100/UN40.SU. /2025
A105: 0101 | B105: 22 Januari 2025 | C105: Inspektur Jenderal Kemdikdasmen | D105: 0306/G/KP.04.03/2025 | E105: =IF( AND( ISNUMBER( MATCH(LEFT(RIGHT(D105,8),4),{"/AK/","/BW/","/DO/","/DK/","/EP/","/HM/","/HK/","/IN/","/KI/","/AR/","/KL/","/KM/","/KP/","/DN/","/LN/","/RT/","/TU/","/KU/","/KR/","/MI/","/MK/","/OT/","/LP/","/DL/","/LT/","/PM/","/PW/","/PG/","/PP/","/MU/","/IL/","/PR/","/PI/","/PL/","/PK/","/PB/","/SP/","/SE/","/TI/","/LL/","/DT/","/LK/","/WS/","/TP/","/KS/","/SR/","/SK/","PJ"},0) ), ISNUMBER(SEARCH("40",D105) ) ),LEFT(RIGHT(D105,7),2), "-" ) -> - | F105: 20 Januari 2025 | G105: Informasi Penyampaian Laporan Harta Kekayaan Aparatur Negara (LHKAN) Kemendikbudristek di Tahun 202 | H105: Rektor | I105: Sinergi Langsung | J105: 21 Januari 2025 16.30 | M105: SINERGI | N105: SINDE | P105: =A105&"/UN40.SU. /2025" -> 0101/UN40.SU. /2025
A106: 0102 | B106: 23 Januari 2025 | C106: Kepala Badan Perencanaan Pembangunan Daerah Provinsi Jawa Barat | D106: 469/PR.04.01/PPEPD | E106: =IF( AND( ISNUMBER( MATCH(LEFT(RIGHT(D106,8),4),{"/AK/","/BW/","/DO/","/DK/","/EP/","/HM/","/HK/","/IN/","/KI/","/AR/","/KL/","/KM/","/KP/","/DN/","/LN/","/RT/","/TU/","/KU/","/KR/","/MI/","/MK/","/OT/","/LP/","/DL/","/LT/","/PM/","/PW/","/PG/","/PP/","/MU/","/IL/","/PR/","/PI/","/PL/","/PK/","/PB/","/SP/","/SE/","/TI/","/LL/","/DT/","/LK/","/WS/","/TP/","/KS/","/SR/","/SK/","PJ"},0) ), ISNUMBER(SEARCH("40",D106) ) ),LEFT(RIGHT(D106,7),2), "-" ) -> - | F106: 17 Januari 2025 | G106: Undangan acara Forum Konsultasi Publik 2026. Tanggal 23 Januari 2025 | H106: Rektor | I106: Sinergi Langsung | J106: 22 Januari 2025 16.30 | M106: SINERGI | N106: EMAIL | P106: =A106&"/UN40.SU. /2025" -> 0102/UN40.SU. /2025
...

Sheet Statistic
A1: GRAFIK SURAT MASUK UNIVERSITAS PENDIDIKAN INDONESIA TAHUN 2025 | P1: REKAP SURAT MASUK UNIVERSITAS PENDIDIKAN INDONESIA TAHUN 2025
A3: No | B3: Tanggal | C3: Jumlah | D3: Halaman | P3: NO | Q3: TANGGAL | R3: JUMLAH | S3: Halaman
A4: 1 | B4: 2 Januari 2025 | C4: =COUNTIF('Surat Masuk'!$B$5:$B$10026,Statistic!$B4) -> 2 | D4: 0 | P4: 1 | Q4: Januari 2025 | R4: =$C$23 -> 136 | S4: =$D$23 -> 26
A5: 2 | B5: 3 Januari 2025 | C5: =COUNTIF('Surat Masuk'!$B$5:$B$10026,Statistic!$B5) -> 1 | D5: 0 | P5: 2 | Q5: Februari 2025 | R5: =$C$46 -> 101 | S5: =$D$46 -> 23
A6: 3 | B6: 6 Januari 2025 | C6: =COUNTIF('Surat Masuk'!$B$5:$B$10026,Statistic!$B6) -> 13 | D6: 3 | P6: 3 | Q6: Maret 2025 | R6: =$C$68 -> 97 | S6: =$D$68 -> 19
A7: 4 | B7: 7 Januari 2025 | C7: =COUNTIF('Surat Masuk'!$B$5:$B$10026,Statistic!$B7) -> 6 | D7: 1 | P7: 4 | Q7: April 2025 | R7: =$C$87 -> 118 | S7: =$D$87 -> 27
A8: 5 | B8: 8 Januari 2025 | C8: =COUNTIF('Surat Masuk'!$B$5:$B$10026,Statistic!$B8) -> 6 | D8: 1 | P8: 5 | Q8: Mei 2025 | R8: =$C$107 -> 146 | S8: =$D$107 -> 29
A9: 6 | B9: 9 Januari 2025 | C9: =COUNTIF('Surat Masuk'!$B$5:$B$10026,Statistic!$B9) -> 6 | D9: 2 | P9: 6 | Q9: Juni 2021 | R9: =$C$128 -> 161 | S9: =$D$128 -> 34
A10: 7 | B10: 10 Januari 2025 | C10: =COUNTIF('Surat Masuk'!$B$5:$B$10026,Statistic!$B10) -> 11 | D10: 2 | P10: 7 | Q10: Juli 2025 | R10: =$C$154 -> 217 | S10: =$D$154 -> 44
A11: 8 | B11: 13 Januari 2025 | C11: =COUNTIF('Surat Masuk'!$B$5:$B$10026,Statistic!$B11) -> 4 | D11: 1 | P11: 8 | Q11: Agustus 2025 | R11: =$C$177 -> 177 | S11: =$D$177 -> 31
A12: 9 | B12: 14 Januari 2025 | C12: =COUNTIF('Surat Masuk'!$B$5:$B$10026,Statistic!$B12) -> 3 | D12: 2 | P12: 9 | Q12: September 2025 | R12: =$C$201 -> 227 | S12: =$D$201 -> 52
A13: 10 | B13: 15 Januari 2025 | C13: =COUNTIF('Surat Masuk'!$B$5:$B$10026,Statistic!$B13) -> 6 | D13: 1 | P13: 10 | Q13: Oktober 2025 | R13: =$C$227 -> 231 | S13: =$D$227 -> 53
A14: 11 | B14: 16 Januari 2025 | C14: =COUNTIF('Surat Masuk'!$B$5:$B$10026,Statistic!$B14) -> 14 | D14: 1 | P14: 11 | Q14: November 2025 | R14: =$C$250 -> 228 | S14: =$D$250 -> 47
A15: 12 | B15: 17 Januari 2025 | C15: =COUNTIF('Surat Masuk'!$B$5:$B$10026,Statistic!$B15) -> 15 | D15: 2 | P15: 12 | Q15: Desember 2025 | R15: =$C$276 -> 184 | S15: =$D$276 -> 46
A16: 13 | B16: 20 Januari 2025 | C16: =COUNTIF('Surat Masuk'!$B$5:$B$10026,Statistic!$B16) -> 4 | D16: 1 | P16: TOTAL | R16: =SUM(R4:R15) -> 2023 | S16: =SUM(S4:S15) -> 431
A17: 14 | B17: 21 Januari 2025 | C17: =COUNTIF('Surat Masuk'!$B$5:$B$10026,Statistic!$B17) -> 8 | D17: 1
A18: 15 | B18: 22 Januari 2025 | C18: =COUNTIF('Surat Masuk'!$B$5:$B$10026,Statistic!$B18) -> 2 | D18: 2 | Q18: REKAP SURAT (MEDIA) Nopember 2025
A19: 16 | B19: 23 Januari 2025 | C19: =COUNTIF('Surat Masuk'!$B$5:$B$10026,Statistic!$B19) -> 16 | D19: 1 | Q19: SINDE | R19: =COUNTIF('Surat Masuk'!$N$1844:$N$1997,U19) -> 17 | U19: =Q19 -> SINDE
A20: 17 | B20: 24 Januari 2025 | C20: =COUNTIF('Surat Masuk'!$B$5:$B$10026,Statistic!$B20) -> 6 | D20: 2 | Q20: WA | R20: =COUNTIF('Surat Masuk'!$N$1844:$N$1997,U20) -> 17 | U20: ="*"&Q20&"*" -> *WA*
A21: 18 | B21: 30 Januari 2025 | C21: =COUNTIF('Surat Masuk'!$B$5:$B$10026,Statistic!$B21) -> 7 | D21: 1 | Q21: EMAIL | R21: =COUNTIF('Surat Masuk'!$N$1844:$N$1997,U21) -> 40 | U21: =Q21 -> EMAIL
A22: 19 | B22: 31 Januari 2025 | C22: =COUNTIF('Surat Masuk'!$B$5:$B$10026,Statistic!$B22) -> 6 | D22: 2 | Q22: FISIK | R22: =COUNTIF('Surat Masuk'!$N$1844:$N$1997,U22) -> 80 | U22: =""
C23: =SUM(C4:C22) -> 136 | D23: =SUM(D4:D22) -> 26 | R23: =SUM(R19:R22) -> 154
A25: No | B25: Tanggal | C25: Jumlah | D25: Halaman
A26: 1 | B26: 3 Februari 2025 | C26: =COUNTIF('Surat Masuk'!$B$6:$B$7760,Statistic!$B26) -> 2 | D26: 0
A27: 2 | B27: 4 Februari 2025 | C27: =COUNTIF('Surat Masuk'!$B$6:$B$7760,Statistic!$B27) -> 7 | D27: 2
A28: 3 | B28: 5 Februari 2025 | C28: =COUNTIF('Surat Masuk'!$B$6:$B$7760,Statistic!$B28) -> 2 | D28: 0
A29: 4 | B29: 6 Februari 2025 | C29: =COUNTIF('Surat Masuk'!$B$6:$B$7760,Statistic!$B29) -> 4 | D29: 2
A30: 5 | B30: 7 Februari 2025 | C30: =COUNTIF('Surat Masuk'!$B$6:$B$7760,Statistic!$B30) -> 6 | D30: 1
A31: 6 | B31: 10 Februari 2025 | C31: =COUNTIF('Surat Masuk'!$B$6:$B$7760,Statistic!$B31) -> 12 | D31: 2
A32: 7 | B32: 11 Februari 2025 | C32: =COUNTIF('Surat Masuk'!$B$6:$B$7760,Statistic!$B32) -> 4 | D32: 1
A33: 8 | B33: 12 Februari 2025 | C33: =COUNTIF('Surat Masuk'!$B$6:$B$7760,Statistic!$B33) -> 3 | D33: 0
A34: 9 | B34: 13 Februari 2025 | C34: =COUNTIF('Surat Masuk'!$B$6:$B$7760,Statistic!$B34) -> 8 | D34: 1
A35: 10 | B35: 14 Februari 2025 | C35: =COUNTIF('Surat Masuk'!$B$6:$B$7760,Statistic!$B35) -> 3 | D35: 2
A36: 11 | B36: 17 Februari 2025 | C36: =COUNTIF('Surat Masuk'!$B$6:$B$7760,Statistic!$B36) -> 7 | D36: 1
A37: 12 | B37: 18 Februari 2025 | C37: =COUNTIF('Surat Masuk'!$B$6:$B$7760,Statistic!$B37) -> 4 | D37: 2
... A45: 20 | B45: 28 Februari 2025 | C45: =COUNTIF('Surat Masuk'!$B$6:$B$7760,Statistic!$B45) -> 4 | D45: 2
C46: =SUM(C26:C45) -> 101 | D46: =SUM(D26:D45) -> 23
A48: No | B48: Tanggal | C48: Jumlah | D48: Halaman
A49: 1 | B49: 3 Maret 2025 | C49: =COUNTIF('Surat Masuk'!$B$6:$B$7760,Statistic!$B49) -> 2
A50: 2 | B50: 4 Maret 2025 | C50: =COUNTIF('Surat Masuk'!$B$6:$B$7760,Statistic!$B50) -> 7 | D50: 1
A51: 3 | B51: 5 Maret 2025 | C51: =COUNTIF('Surat Masuk'!$B$6:$B$7760,Statistic!$B51) -> 2 | D51: 1
A52: 4 | B52: 6 Maret 2025 | C52: =COUNTIF('Surat Masuk'!$B$6:$B$7760,Statistic!$B52) -> 8 | D52: 1
A53: 5 | B53: 7 Maret 2025 | C53: =COUNTIF('Surat Masuk'!$B$6:$B$7760,Statistic!$B53) -> 4 | D53: 1
A54: 6 | B54: 10 Maret 2025 | C54: =COUNTIF('Surat Masuk'!$B$6:$B$7760,Statistic!$B54) -> 4 | D54: 1
A55: 7 | B55: 11 Maret 2025 | C55: =COUNTIF('Surat Masuk'!$B$6:$B$7760,Statistic!$B55) -> 8 | D55: 2
A56: 8 | B56: 12 Maret 2025 | C56: =COUNTIF('Surat Masuk'!$B$6:$B$7760,Statistic!$B56) -> 5 | D56: 1
A57: 9 | B57: 13 Maret 2025 | C57: =COUNTIF('Surat Masuk'!$B$6:$B$7760,Statistic!$B57) -> 4
A58: 10 | B58: 14 Maret 2025 | C58: =COUNTIF('Surat Masuk'!$B$6:$B$7760,Statistic!$B58) -> 5 | D58: 1
A59: 11 | B59: 17 Maret 2025 | C59: =COUNTIF('Surat Masuk'!$B$6:$B$7760,Statistic!$B59) -> 1 | D59: 1
A60: 12 | B60: 18 Maret 2025 | C60: =COUNTIF('Surat Masuk'!$B$6:$B$7760,Statistic!$B60) -> 5 | D60: 1
A61: 13 | B61: 19 Maret 2025 | C61: =COUNTIF('Surat Masuk'!$B$6:$B$7760,Statistic!$B61) -> 5 | D61: 1
A62: 14 | B62: 20 Maret 2025 | C62: =COUNTIF('Surat Masuk'!$B$6:$B$7760,Statistic!$B62) -> 5 | D62: 2
A63: 15 | B63: 21 Maret 2025 | C63: =COUNTIF('Surat Masuk'!$B$6:$B$7760,Statistic!$B63) -> 4
A64: 16 | B64: 24 Maret 2025 | C64: =COUNTIF('Surat Masuk'!$B$6:$B$7760,Statistic!$B64) -> 9 | D64: 2
A65: 17 | B65: 25 Maret 2025 | C65: =COUNTIF('Surat Masuk'!$B$6:$B$7760,Statistic!$B65) -> 14 | D65: 2
A66: 18 | B66: 26 Maret 2025 | C66: =COUNTIF('Surat Masuk'!$B$6:$B$7760,Statistic!$B66) -> 0 | D66: 1
A67: 19 | B67: 27 Maret 2025 | C67: =COUNTIF('Surat Masuk'!$B$6:$B$7760,Statistic!$B67) -> 5
C68: =SUM(C49:C67) -> 97 | D68: =SUM(D49:D67) -> 19
A70: No | B70: Tanggal | C70: Jumlah | D70: Halaman
A71: 1 | B71: 8 April 2025 | C71: =COUNTIF('Surat Masuk'!$B$6:$B$7760,Statistic!$B71) -> 0 | D71: 1
A72: 2 | B72: 9 April 2025 | C72: =COUNTIF('Surat Masuk'!$B$6:$B$7760,Statistic!$B72) -> 5 | D72: 1
A73: 3 | B73: 10 April 2025 | C73: =COUNTIF('Surat Masuk'!$B$6:$B$7760,Statistic!$B73) -> 7 | D73: 1
A74: 4 | B74: 11 April 2025 | C74: =COUNTIF('Surat Masuk'!$B$6:$B$7760,Statistic!$B74) -> 3 | D74: 1
A75: 5 | B75: 14 April 2025 | C75: =COUNTIF('Surat Masuk'!$B$6:$B$7760,Statistic!$B75) -> 3
A76: 6 | B76: 15 April 2025 | C76: =COUNTIF('Surat Masuk'!$B$6:$B$7760,Statistic!$B76) -> 14 | D76: 3
A77: 7 | B77: 16 April 2025 | C77: =COUNTIF('Surat Masuk'!$B$6:$B$7760,Statistic!$B77) -> 3 | D77: 2
A78: 8 | B78: 17 April 2025 | C78: =COUNTIF('Surat Masuk'!$B$6:$B$7760,Statistic!$B78) -> 11 | D78: 2
A79: 9 | B79: 21 April 2025 | C79: =COUNTIF('Surat Masuk'!$B$6:$B$7760,Statistic!$B79) -> 20 | D79: 4
A80: 10 | B80: 22 April 2025 | C80: =COUNTIF('Surat Masuk'!$B$6:$B$7760,Statistic!$B80) -> 5 | D80: 1
A81: 11 | B81: 23 April 2025 | C81: =COUNTIF('Surat Masuk'!$B$6:$B$7760,Statistic!$B81) -> 9 | D81: 2
A82: 12 | B82: 24 April 2025 | C82: =COUNTIF('Surat Masuk'!$B$6:$B$7760,Statistic!$B82) -> 3 | D82: 1
A83: 13 | B83: 25 April 2025 | C83: =COUNTIF('Surat Masuk'!$B$6:$B$7760,Statistic!$B83) -> 8 | D83: 3
A84: 14 | B84: 28 April 2025 | C84: =COUNTIF('Surat Masuk'!$B$6:$B$7760,Statistic!$B84) -> 14 | D84: 1
A85: 15 | B85: 29 April 2025 | C85: =COUNTIF('Surat Masuk'!$B$6:$B$7760,Statistic!$B85) -> 3 | D85: 1
A86: 16 | B86: 30 April 2025 | C86: =COUNTIF('Surat Masuk'!$B$6:$B$7760,Statistic!$B86) -> 10 | D86: 3
C87: =SUM(C71:C86) -> 118 | D87: =SUM(D71:D86) -> 27
A89: No | B89: Tanggal | C89: Jumlah | D89: Halaman
A90: 1 | B90: 2 Mei 2025 | C90: =COUNTIF('Surat Masuk'!$B$6:$B$7760,Statistic!$B90) -> 4
A91: 2 | B91: 5 Mei 2025 | C91: =COUNTIF('Surat Masuk'!$B$6:$B$7760,Statistic!$B91) -> 12 | D91: 2
A92: 3 | B92: 6 Mei 2025 | C92: =COUNTIF('Surat Masuk'!$B$6:$B$7760,Statistic!$B92) -> 9 | D92: 3
A93: 4 | B93: 7 Mei 2025 | C93: =COUNTIF('Surat Masuk'!$B$6:$B$7760,Statistic!$B93) -> 3 | D93: 1
A94: 5 | B94: 8 Mei 2025 | C94: =COUNTIF('Surat Masuk'!$B$6:$B$7760,Statistic!$B94) -> 10 | D94: 2
A95: 6 | B95: 9 Mei 2025 | C95: =COUNTIF('Surat Masuk'!$B$6:$B$7760,Statistic!$B95) -> 12 | D95: 2
A96: 7 | B96: 14 Mei 2025 | C96: =COUNTIF('Surat Masuk'!$B$6:$B$7760,Statistic!$B96) -> 12 | D96: 1
A97: 8 | B97: 15 Mei 2025 | C97: =COUNTIF('Surat Masuk'!$B$6:$B$7760,Statistic!$B97) -> 5 | D97: 2
A98: 9 | B98: 16 Mei 2025 | C98: =COUNTIF('Surat Masuk'!$B$6:$B$7760,Statistic!$B98) -> 11 | D98: 1
A99: 10 | B99: 19 Mei 2025 | C99: =COUNTIF('Surat Masuk'!$B$6:$B$7760,Statistic!$B99) -> 7 | D99: 2
A100: 11 | B100: 20 Mei 2025 | C100: =COUNTIF('Surat Masuk'!$B$6:$B$7760,Statistic!$B100) -> 17 | D100: 3
A101: 12 | B101: 21 Mei 2025 | C101: =COUNTIF('Surat Masuk'!$B$6:$B$7760,Statistic!$B101) -> 2
A102: 13 | B102: 22 Mei 2025 | C102: =COUNTIF('Surat Masuk'!$B$6:$B$7760,Statistic!$B102) -> 8 | D102: 2
A103: 14 | B103: 23 Mei 2025 | C103: =COUNTIF('Surat Masuk'!$B$6:$B$7760,Statistic!$B103) -> 15 | D103: 4
A104: 15 | B104: 26 Mei 2025 | C104: =COUNTIF('Surat Masuk'!$B$6:$B$7760,Statistic!$B104) -> 10 | D104: 1
A105: 16 | B105: 27 Mei 2025 | C105: =COUNTIF('Surat Masuk'!$B$6:$B$7760,Statistic!$B105) -> 4 | D105: 1
A106: 17 | B106: 28 Mei 2025 | C106: =COUNTIF('Surat Masuk'!$B$6:$B$7760,Statistic!$B106) -> 5 | D106: 2
C107: =SUM(C90:C106) -> 146 | D107: =SUM(D90:D106) -> 29
A109: No | B109: Tanggal | C109: Jumlah | D109: Halaman
A110: 1 | B110: 2 Juni 2025 | C110: =COUNTIF('Surat Masuk'!$B$6:$B$7760,Statistic!$B110) -> 7 | D110: 2
A111: 2 | B111: 3 Juni 2025 | C111: =COUNTIF('Surat Masuk'!$B$6:$B$7760,Statistic!$B111) -> 7 | D111: 1
A112: 3 | B112: 4 Juni 2025 | C112: =COUNTIF('Surat Masuk'!$B$6:$B$7760,Statistic!$B112) -> 13 | D112: 1
A113: 4 | B113: 5 Juni 2025 | C113: =COUNTIF('Surat Masuk'!$B$6:$B$7760,Statistic!$B113) -> 7 | D113: 2
...

Sheet Laporan
A1: LAPORAN SURAT MASUK TAHUN 2025
A2: PERIODE Januari - Desember
A4: NO | B4: TUJUAN SURAT | D4: BULAN | P4: TOTAL
D5: Januari | E5: Februari | F5: Maret | G5: April | H5: Mei | I5: Juni | J5: Juli | K5: Agustus | L5: September | M5: Oktober | N5: November | O5: Desember
A6: 1 | B6: Rektor | P6: =SUM(D6:O6) -> 0
A7: 2 | B7: Wakil Rektor Bidang Akademik dan Kemahasiswaan | P7: =SUM(D7:O7) -> 0
A8: 3 | B8: Wakil Rektor Bidang Keuangan, Sumber Daya dan Administrasi Umum | P8: =SUM(D8:O8) -> 0
A9: 4 | B9: Wakil Rektor Bidang Perencanaan, Pengembangan dan Sistem Informasi | P9: =SUM(D9:O9) -> 0
A10: 5 | B10: Wakil Rektor Bidang Riset, Kemitraan dan Usaha | P10: =SUM(D10:O10) -> 0
A11: 6 | B11: Sekretaris Universitas | P11: =SUM(D11:O11) -> 0
A12: 7 | B12: Lain-Lain | P12: =SUM(D12:O12) -> 0
A13: Jumlah | D13: =SUM(D6:D12) -> 0 | E13: =SUM(E6:E12) -> 0 | F13: =SUM(F6:F12) -> 0 | G13: =SUM(G6:G12) -> 0 | H13: =SUM(H6:H12) -> 0 | I13: =SUM(I6:I12) -> 0 | J13: =SUM(J6:J12) -> 0 | K13: =SUM(K6:K12) -> 0 | ... O13: =SUM(O6:O12) -> 0 | P13: =SUM(D13:O13) -> 0
A15: Menyetujui / Mengetahui | N15: Bandung, 1 Januari 2020
A17: Kepala Biro Hukum dan Kesekretariatan | F17: Kabag Kesekretariatan | J17: Kasubag Tata Usaha | N17: Staf Tata Usaha
N21: Zaenal Helmi, A.Md
N22: NIP 198904082015041001

Sheet Format Laporan
A30: Menyetujui / Mengetahui | N30: Bandung,
A32: Kepala Biro Hukum dan Kesekretariatan | F32: Kabag Kesekretariatan | J32: Kasubag Tata Usaha | N32: Staf Tata Usaha
N36: Alfian Hadi
N37: NIPTT 020100119860227101

Sheet LaporanMingguan
A1: DAFTAR SURAT MASUK UNIVERSITAS PENDIDIKAN INDONESIA TAHUN 2025
A2: F1 | B2: F2 | C2: F3 | D2: F4 | E2: F5 | F2: F6 | G2: F7 | H2: F8 | I2: F9 | J2: F10 | K2: F11 | L2: F12 | M2: F13 | N2: F14 | O2: F15 | P2: F16 | Q2: F17 | R2: F18 | S2: F19 | T2: F20 | U2: F21 | V2: HAPUS
A3: NOMOR INDEKS | B3: TANGGAL | C3: PENGIRIM | D3: IDENTITAS SURAT | G3: PERIHAL SURAT | H3: DITUJUKAN KEPADA | I3: PENERIMA | L3: KETERANGAN | M3: MEDIA | N3: SUMBER | P3: Agenda | Q3: INSTRUKSI | R3: FOLLOW UP | S3: TERUSAN SURAT | T3: TANGGAL TERIMA | U3: PENERIMA BHK | V3: HAPUS
D4: NOMOR | E4: KODE | F4: TANGGAL | I4: NAMA | J4: TANGGAL | K4: PARAF | V4: HAPUS
A5: 0139
A6: 0140
A7: 0141
A8: 0142
A9: 0143
A10: 0156
A11: 0157

Sheet Cap Rahasia
B1: RAHASIA | D1: RAHASIA | F1: RAHASIA | H1: RAHASIA
B3: RAHASIA | D3: RAHASIA | F3: RAHASIA | H3: RAHASIA
B5: RAHASIA | D5: RAHASIA | F5: RAHASIA | H5: RAHASIA
B7: RAHASIA | D7: RAHASIA | F7: RAHASIA | H7: RAHASIA
B9: RAHASIA | D9: RAHASIA | F9: RAHASIA | H9: RAHASIA
B11: RAHASIA | D11: RAHASIA | F11: RAHASIA | H11: RAHASIA
B13: RAHASIA | D13: RAHASIA | F13: RAHASIA | H13: RAHASIA
B15: RAHASIA | D15: RAHASIA | F15: RAHASIA | H15: RAHASIA
B17: RAHASIA | D17: RAHASIA | F17: RAHASIA | H17: RAHASIA
B19: RAHASIA | D19: RAHASIA | F19: RAHASIA | H19: RAHASIA
B21: RAHASIA | D21: RAHASIA | F21: RAHASIA | H21: RAHASIA
B23: RAHASIA | D23: RAHASIA | F23: RAHASIA | H23: RAHASIA
... B39: RAHASIA | D39: RAHASIA | F39: RAHASIA | H39: RAHASIA
